 Dungeon Crawl Stone Soup version 0.29.0-4-gdea44cf6ec (webtiles) character file.

Game seed: 371933617690973991

133577 qw the Brawler (level 16, -6/156 HPs)
             Began as a Troll Cinder Acolyte on Sept 1, 2022.
             Was a High Priest of Okawaru.
             Splashed by a goliath frog's acid (8 damage)
             ... on level 3 of the Swamp.
             The game lasted 00:16:57 (24519 turns).

qw the Brawler (Troll Cinder Acolyte)              Turns: 24519, Time: 00:16:57

Health: -6/156     AC: 11    Str: 31 (32) XL:     16   Next: 60%
Magic:  19/22      EV:  9    Int:  9 (10) God:    Okawaru [*****.]
Gold:   2296       SH: 14    Dex:  5      Spells: 17/17 levels left

rFire   + . .      SeeInvis +     - Unarmed
rCold   . . .      Faith    +   e - +2 kite shield {rPois}
rNeg    . . .      Spirit   .   c - +0 swamp dragon scales
rPois   +          Reflect  .   (helmet restricted)
rElec   .          Harm     .   (no cloak)
rCorr   .          Rampage  .   (gloves unavailable)
Will    +....                   (boots unavailable)
Stlth   ++........              f - amulet of the Death Scarab {Faith rF+}
HPRegen 1.16/turn               s - +4 ring of protection
MPRegen 0.18/turn               o - ring of see invisible

@: heroic, finesse-ful, corroded, very slow
A: large, unfitting armour, claws 3, regeneration 1, shaggy fur 1, tough skin 1,
deterioration 1
a: Renounce Religion, Heroism, Finesse, Duel


You were on level 3 of the Swamp.
You worshipped Okawaru.
Okawaru was extremely pleased with you.
You visited 4 branches of the dungeon, and saw 25 of its levels.

You collected 2977 gold pieces.
You spent 681 gold pieces at shops.


Innate Abilities, Weirdness & Mutations

You are too large for most types of armour.
You have claws for hands.
Your natural rate of healing is unusually fast.
You are covered in fur. (AC +1)
You have tough skin. (AC +1)
Your body sometimes deteriorates upon taking damage.


   Skills:
 - Level 9.0(14.0) Fighting
 - Level 9.0(14.0) Throwing
 - Level 4.0(9.0) Armour
 - Level 4.1(9.1) Dodging
 + Level 12.5(17.5) Shields
 - Level 20.1(25.1) Unarmed Combat
 - Level 1.0 Spellcasting
 - Level 2.1 Fire Magic
 - Level 10.0 Invocations


You had 17 spell levels left.
You didn't know any spells.
Your spell library contained the following spells:

 Spells                   Type           Power      Damage    Failure   Level
 Scorch                   Fire           8%         2d5       41%         2

Inventory:

Missiles
 m - 3 silver boomerangs
 q - 3 silver javelins
 u - 3 javelins
 y - 42 large rocks (quivered)
 z - 5 boomerangs
Armour
 c - +0 swamp dragon scales (worn)
 e - a +2 kite shield of poison resistance (worn)
Jewellery
 d - an amulet of regeneration
 f - the amulet of the Death Scarab (around neck) {Faith rF+}
   (You found it on level 4 of the Dungeon)

   [amulet of faith]

   It allows you to gain divine favour quickly.
   rF:        It protects you from fire.
 i - a +4 ring of evasion
 n - a ring of fire
 o - a ring of see invisible (right claw)
 r - a ring of flight
 s - a +4 ring of protection (left claw)
Scrolls
 a - 3 scrolls of enchant weapon
 b - 9 scrolls of identify
 j - 3 scrolls of brand weapon
Potions
 g - 2 potions of resistance
 h - 18 potions of curing
 k - 5 potions of mutation
 l - 6 potions of haste
 p - 2 potions of magic
 t - a potion of cancellation
 x - 2 potions of might

Dungeon Overview and Level Annotations

Branches:
Dungeon (15/15)            Temple (0/1) D:4            Lair (5/5) D:9
  Swamp (3/4) Lair:2        Snake (0/4) Lair:2        Slime (0/5) Lair:5
    Orc (2/2) D:10            Elf (0/3) Orc:2        Vaults (0/5) D:13
 Depths (0/4) D:15

Altars:
Cheibriados
Dithmenos
Hepliaklqana
Nemelex Xobeh
Okawaru
Qazlal
Trog
Uskayaw
Xom
Yredelemnul
Zin

Shops:
D:6 *   D:7 !   Orc:2 [((!

Annotations:
D:4 1 runed translucent door, Crazy Yiuf
D:8 2 transporters, 1 runed translucent door, qw's ghost, novice TrCA


Message History

The briar patch crumbles away.
The thorn hunter gestures.
Thorny briars emerge from the ground!
The briar patch crumbles away.
The thorn hunter fires a volley of thorns at you.
The volley of thorns hits you!!
Your body deteriorates!
You feel weakened.
The briar patch crumbles away. x3; The thorn hunter hits the briar patch!
The thorn hunter hits the briar patch but does no damage.
The thorn hunter fires a volley of thorns at you.
The volley of thorns hits you!!
The briar patch crumbles away.
The thorn hunter fires a volley of thorns at you.
You block the volley of thorns.
The briar patch crumbles away.
The thorn hunter fires a volley of thorns at you.
The volley of thorns hits you!!
The briar patch crumbles away. x3; You block the goliath frog's attack.
You closely miss the thorn hunter. You mangle the thorn hunter!!
The thorn hunter is moderately damaged.
You block the thorn hunter's attack. x2
You closely miss the thorn hunter.
The thorn hunter is moderately damaged.
The goliath frog hits you but does no damage.
You mangle the thorn hunter!!
The thorn hunter is heavily damaged.
You eviscerate the thorn hunter!!!
You destroy the thorn hunter!
Okawaru accepts your kill.
Found a stone staircase leading down.
The briar patch crumbles away. x4; The goliath frog hits you!
The acid corrodes you!
You are splashed with acid!
The goliath frog hits you but does no damage.
You eviscerate the goliath frog!!!
The goliath frog is almost dead.
You miss the goliath frog.
The goliath frog is almost dead.
The goliath frog hits you!
You are splashed with acid!
You die...

7..7 7...77~.~~~7..~....~~~~¤
..^.~~....~.~...777~....~..77
.7......~~...~~~~7777....7~77
77.7~.~~....7~.~.~.....~.7..7
..~.~~..~~.~.<...~~..~~77~7
~..77.77.7.......~~...7 77
77~..~~~~..(..777
~~~¤.~FP~~~~~~¤7
.~~~~~~@~¤((~PP7
.~~.P~~P~~~~~~P...
...~PPP~~~~..PP..~
~~~77...~~~.777~.~~ ~~
777.~~~77 ..~~ > 77.~.¤ ..
7~7777


777 You could see a goliath frog.

Vanquished Creatures
  Saint Roka (Orc:2)
  Rupert (D:13)
  A thorn hunter (Swamp:3)
  A stone giant (D:15)
  2 eleionomae
  3 dire elephants (Lair:5)
  2 bunyips (Swamp:2)
  Azrael (D:15)
  Josephine (D:11)
  An ice dragon (Orc:1)
  9 hydras
  Erolcha (D:9)
  A catoblepas (Lair:3)
  4 boulder beetles
  A centaur warrior (D:14)
  2 dancing weapons (D:13)
  14 alligators
  3 two-headed ogres
  2 death knights
  5 tengu warriors
  7 orc high priests
  Lodul (D:13)
  A goliath frog (Swamp:2)
  An obsidian statue (Lair:5)
  A spectral death yak (Lair:5)
  A spectral anaconda (Lair:5)
  2 swamp dragons
  6 bog bodies
  3 spriggan druids
  3 necromancers (Lair:5)
  A deep elf pyromancer (D:7)
  A phantasmal warrior (D:15)
  A lindwurm (Lair:5)
  10 ugly things
  2 will-o-the-wisps
  2 orc sorcerers
  7 cyclopes
  2 manticores
  24 elephants
  2 dire elephant zombies (Lair:5)
  6 centaur zombies (D:11)
  6 black mambas
  A gargoyle (D:13)
  2 unseen horrors (D:13)
  A rime drake (Orc:1)
  A cane toad (shapeshifter) (D:13)
  9 cane toads
  5 kobold demonologists
  8 komodo dragons
  3 freezing wraiths (D:15)
  A tengu conjurer (D:13)
  8 hornets
  A merfolk (shapeshifter) (D:13)
  5 slime creatures
  A queen bee (shapeshifter) (D:14)
  A bloated husk (Swamp:2)
  2 polar bears
  5 trolls
  A polar bear (shapeshifter) (D:13)
  4 tyrant leeches (Swamp:3)
  4 spectral elephants (Lair:5)
  Prince Ribbit (D:5)
  16 blink frogs
  9 dream sheep
  A meliai zombie (D:11)
  Sigmund (D:4)
  A wyvern (D:8)
  7 spriggans
  A vampire (D:11)
  10 wraiths
  4 shadows
  14 fire elementals
  6 basilisks
  47 yaks
  14 fire bats (D:8)
  26 vampire mosquitoes
  2 death yak simulacra (Lair:5)
  3 steam dragons (D:9)
  7 nagas (Lair:2)
  4 acid dragons
  6 wargs
  6 hell hounds (D:15)
  7 swamp worms
  22 water moccasins
  2 swamp drakes (Swamp:1)
  16 orc warriors
  5 ice beasts (D:6)
  12 ogres
  22 wolves
  An elephant skeleton (Lair:5)
  2 phantoms
  11 centaurs
  9 kobold brigands
  9 bullfrogs
  3 gnoll sergeants
  8 necrophages
  3 scorpions
  2 cane toad simulacra (Lair:5)
  A wight (D:7)
  3 elephant simulacra (Lair:5)
  13 killer bees
  4 howler monkeys
  40 orc priests
  3 hounds
  2 jellies
  3 gnoll boudas
  7 iguanas
  Terence (D:3)
  24 orc wizards
  10 hell rats
  12 adders
  26 gnolls
  2 shadow imps
  2 ufetubi
  3 worms
  4 dart slugs
  114 orcs
  70 bats
  3 endoplasms (D:1)
  3 giant cockroaches
  4 goblins
  6 hobgoblins
  7 jackals
  3 quokkas
  11 ball pythons
  2 frilled lizards
  29 kobolds
  7 rats
948 creatures vanquished.

Vanquished Creatures (others)
  2 bloated husks (Swamp:2)
  A kobold (D:9)
  A briar patch (Swamp:3)
  A bush (Lair:5)
  12 foxfires
  46 fungi
  33 plants
  28 withered plants (Lair:5)
124 creatures vanquished.

Grand Total: 1072 creatures vanquished

Notes
Turn   | Place    | Note
-------+----------+-------------------------------------------
     0 | D:1      | qw the Troll Cinder Acolyte began the quest for the Orb.
     0 | D:1      | Reached XP level 1. HP: 22/22 MP: 1/1
     0 | D:1      | 0 ||| qw: Version: 0.1-a-97-g2dd2ca4
     0 | D:1      | 0 ||| qw: Game counter: 4698
     0 | D:1      | 0 ||| qw: Always use a shield: true
     0 | D:1      | 0 ||| qw: God list: Okawaru
     0 | D:1      | 0 ||| qw: Allow faded altars: false
     0 | D:1      | 0 ||| qw: Do Orc after D:15 true
     0 | D:1      | 0 ||| qw: Do second Lair branch before Depths: true
     0 | D:1      | 0 ||| qw: Lair rune preference: random
     0 | D:1      | 0 ||| qw: Plans: Normal
     0 | D:1      | 0 ||| PLANNING D:1-11
    20 | D:1      | 20 ||| Stepping ~*~*~tactically~*~*~ (stealth).
    26 | D:1      | 26 ||| Stepping ~*~*~tactically~*~*~ (stealth).
    27 | D:1      | 27 ||| Stepping ~*~*~tactically~*~*~ (stealth).
    97 | D:1      | Reached XP level 2. HP: 29/29 MP: 2/2
   221 | D:1      | 221 ||| Stepping ~*~*~tactically~*~*~ (stealth).
   226 | D:1      | 226 ||| Stepping ~*~*~tactically~*~*~ (stealth).
   234 | D:1      | 234 ||| Stepping ~*~*~tactically~*~*~ (stealth).
   261 | D:1      | Reached skill level 4 in Unarmed Combat
   543 | D:1      | 543 ||| UPGRADING to amulet of regeneration.
   548 | D:1      | 548 ||| READING 2 scrolls labelled LIDOEWE FAIFUW.
   551 | D:1      | 551 ||| READING scroll labelled NUEMIU XEOQIAZ.
   552 | D:1      | 552 ||| READING scroll labelled HOAXKEASCHO.
   553 | D:1      | 553 ||| READING scroll labelled DAAGAWELUK.
   554 | D:1      | 554 ||| DRINKING 2 fizzy black potions.
   577 | D:2      | Reached XP level 3. HP: 36/36 MP: 3/3
   601 | D:2      | 601 ||| Stepping ~*~*~tactically~*~*~ (stealth).
   622 | D:2      | Found a faded altar of an unknown god.
   725 | D:2      | 725 ||| Stepping ~*~*~tactically~*~*~ (hiding).
   727 | D:2      | 727 ||| Stepping ~*~*~tactically~*~*~ (hiding).
   728 | D:2      | 728 ||| Stepping ~*~*~tactically~*~*~ (stealth).
   732 | D:2      | Reached skill level 5 in Unarmed Combat
   732 | D:2      | Reached XP level 4. HP: 44/44 MP: 4/4
   926 | D:2      | 926 ||| Stepping ~*~*~tactically~*~*~ (stealth).
   927 | D:2      | 927 ||| Stepping ~*~*~tactically~*~*~ (stealth).
  1093 | D:2      | 1093 ||| READING scroll labelled RUCUOS AMIUGH.
  1094 | D:2      | 1094 ||| DRINKING 3 golden potions.
  1215 | D:3      | 1215 ||| DRINKING 5 potions of curing.
  1215 | D:3      | 1215 ||| (to cure confusion)
  1255 | D:3      | 1255 ||| Stepping ~*~*~tactically~*~*~ (stealth).
  1262 | D:3      | 1262 ||| INVOKING Fiery Armour.
  1265 | D:3      | Reached XP level 5. HP: 50/50 MP: 5/5
  1266 | D:3      | 1266 ||| Stepping ~*~*~tactically~*~*~ (hiding).
  1267 | D:3      | 1267 ||| Stepping ~*~*~tactically~*~*~ (hiding).
  1271 | D:3      | Reached skill level 6 in Unarmed Combat
  1375 | D:3      | Reached skill level 1 in Throwing
  1484 | D:3      | Found a glowing silver altar of Zin.
  1499 | D:3      | Noticed Terence
  1504 | D:3      | Killed Terence
  1505 | D:3      | Reached XP level 6. HP: 59/59 MP: 6/6
  1605 | D:3      | 1605 ||| READING scroll labelled YWYIMM PAYCSIE.
  1606 | D:3      | 1606 ||| READING scroll labelled PAIVYE ICSIAMANUM.
  1607 | D:3      | 1607 ||| READING scroll labelled NUFEQOSAZO.
  1608 | D:3      | 1608 ||| READING scroll labelled DOUTWEO SAEG.
  1609 | D:3      | 1609 ||| DRINKING 2 lumpy orange potions.
  1610 | D:3      | 1610 ||| READING 2 scrolls of identify.
  1610 | D:3      | 1610 ||| IDENTIFYING red potion
  1611 | D:3      | 1611 ||| DROPPING potion of brilliance.
  1648 | D:4      | Noticed Sigmund
  1658 | D:4      | Killed Sigmund
  1659 | D:4      | Reached skill level 7 in Unarmed Combat
  1674 | D:4      | 1674 ||| READING scroll of teleportation.
  1686 | D:4      | Reached skill level 8 in Unarmed Combat
  1686 | D:4      | Reached XP level 7. HP: 62/66 MP: 7/7
  1789 | D:4      | 1789 ||| Stepping ~*~*~tactically~*~*~ (stealth).
  1813 | D:4      | 1813 ||| Stepping ~*~*~tactically~*~*~ (stealth).
  1827 | D:4      | 1827 ||| Stepping ~*~*~tactically~*~*~ (stealth).
  1887 | D:4      | Identified the amulet of the Death Scarab {Faith rF+}
  1977 | D:4      | Reached skill level 3 in Fighting
  1987 | D:4      | Found a staircase to the Ecumenical Temple.
  2011 | D:4      | Found a runed translucent door.
  2012 | D:4      | Noticed Crazy Yiuf
  2134 | D:4      | You fall into a shaft and drop 2 floors!
  2205 | D:6      | Reached skill level 9 in Unarmed Combat
  2208 | D:6      | Found Idaph's Mayhem Merchandise.
  2213 | D:6      | 2213 ||| UPGRADING to +2 robe of positive energy.
  2223 | D:6      | 2223 ||| DROPPING +0 robe.
  2245 | D:6      | Found a hazy altar of Hepliaklqana.
  2247 | D:6      | 2247 ||| Stepping ~*~*~tactically~*~*~ (stealth).
  2251 | D:6      | 2251 ||| Stepping ~*~*~tactically~*~*~ (outnumbered).
  2252 | D:6      | 2252 ||| Stepping ~*~*~tactically~*~*~ (outnumbered).
  2253 | D:6      | 2253 ||| Stepping ~*~*~tactically~*~*~ (outnumbered).
  2254 | D:6      | 2254 ||| Stepping ~*~*~tactically~*~*~ (outnumbered).
  2255 | D:6      | 2255 ||| INVOKING Fiery Armour.
  2261 | D:6      | Reached skill level 1 in Dodging
  2261 | D:6      | Reached XP level 8. HP: 72/75 MP: 8/8
  2262 | D:6      | 2262 ||| Stepping ~*~*~tactically~*~*~ (outnumbered).
  2263 | D:6      | 2263 ||| Stepping ~*~*~tactically~*~*~ (hiding).
  2282 | D:6      | 2282 ||| Stepping ~*~*~tactically~*~*~ (stealth).
  2287 | D:6      | 2287 ||| UPGRADING to amulet of the Death Scarab {Faith
                  | rF+}.
  2318 | D:6      | 2318 ||| Stepping ~*~*~tactically~*~*~ (stealth).
  2319 | D:6      | 2319 ||| Stepping ~*~*~tactically~*~*~ (stealth).
  2320 | D:6      | 2320 ||| Stepping ~*~*~tactically~*~*~ (stealth).
  2326 | D:6      | 2326 ||| READING scroll labelled HIPONE WUBAO.
  2328 | D:6      | 2328 ||| Stepping ~*~*~tactically~*~*~ (stealth).
  2333 | D:6      | 2333 ||| FLEEEEING.
  2334 | D:6      | 2334 ||| FLEEEEING.
  2335 | D:6      | 2335 ||| FLEEEEING.
  2336 | D:6      | 2336 ||| FLEEEEING.
  2337 | D:6      | 2337 ||| FLEEEEING.
  2338 | D:6      | 2338 ||| FLEEEEING.
  2339 | D:6      | 2339 ||| FLEEEEING.
  2340 | D:6      | 2340 ||| FLEEEEING.
  2341 | D:6      | 2341 ||| FLEEEEING.
  2342 | D:6      | 2342 ||| FLEEEEING.
  2343 | D:6      | 2343 ||| STAIRDANCE
  2344 | D:5      | Entered Level 5 of the Dungeon
  2418 | D:4      | Reached skill level 10 in Unarmed Combat
  2541 | D:4      | 2541 ||| Stepping randomly (stuck).
  2585 | D:5      | 2585 ||| Stepping ~*~*~tactically~*~*~ (hiding).
  2586 | D:5      | 2586 ||| Stepping ~*~*~tactically~*~*~ (hiding).
  2587 | D:5      | 2587 ||| Stepping ~*~*~tactically~*~*~ (hiding).
  2588 | D:5      | 2588 ||| Stepping ~*~*~tactically~*~*~ (hiding).
  2605 | D:5      | 2605 ||| Stepping ~*~*~tactically~*~*~ (stealth).
  2606 | D:5      | 2606 ||| Stepping ~*~*~tactically~*~*~ (stealth).
  2675 | D:5      | Noticed Prince Ribbit
  2683 | D:5      | Killed Prince Ribbit
  2772 | D:5      | 2772 ||| Stepping ~*~*~tactically~*~*~ (hiding).
  2773 | D:5      | 2773 ||| Stepping ~*~*~tactically~*~*~ (hiding).
  2774 | D:5      | 2774 ||| Stepping ~*~*~tactically~*~*~ (hiding).
  2775 | D:5      | 2775 ||| Stepping ~*~*~tactically~*~*~ (hiding).
  2785 | D:5      | 2785 ||| Stepping ~*~*~tactically~*~*~ (hiding).
  3005 | D:5      | 3005 ||| Stepping ~*~*~tactically~*~*~ (stealth).
  3018 | D:5      | 3018 ||| Stepping ~*~*~tactically~*~*~ (outnumbered).
  3111 | D:5      | 3111 ||| READING 3 scrolls of identify.
  3111 | D:5      | 3111 ||| IDENTIFYING blue potion
  3112 | D:5      | 3112 ||| DROPPING potion of attraction.
  3244 | D:5      | 3244 ||| READING scroll of teleportation.
  3245 | D:5      | 3245 ||| STAIRDANCE
  3336 | D:6      | Reached XP level 9. HP: 85/85 MP: 9/9
  3440 | D:6      | Reached skill level 11 in Unarmed Combat
  3571 | D:6      | 3571 ||| Stepping ~*~*~tactically~*~*~ (stealth).
  3587 | D:6      | Found a glowing silver altar of Zin.
  3591 | D:6      | 3591 ||| Stepping ~*~*~tactically~*~*~ (hiding).
  3839 | D:6      | 3839 ||| Stepping ~*~*~tactically~*~*~ (stealth).
  3840 | D:6      | 3840 ||| Stepping ~*~*~tactically~*~*~ (stealth).
  4018 | D:6      | 4018 ||| READING scroll labelled DUORGH OFURO.
  4151 | D:7      | Reached skill level 12 in Unarmed Combat
  4180 | D:7      | Noticed a deep elf pyromancer
  4211 | D:7      | Killed a deep elf pyromancer
  4391 | D:7      | Found a snail-covered altar of Cheibriados.
  4497 | D:7      | 4497 ||| Stepping ~*~*~tactically~*~*~ (hiding).
  4503 | D:7      | 4503 ||| INVOKING Fiery Armour.
  4504 | D:7      | 4504 ||| Stepping ~*~*~tactically~*~*~ (hiding).
  4514 | D:7      | Reached skill level 13 in Unarmed Combat
  4536 | D:7      | Reached XP level 10. HP: 94/96 MP: 10/10
  4540 | D:7      | Found a shimmering altar of Xom.
  4599 | D:7      | 4599 ||| Stepping ~*~*~tactically~*~*~ (hiding).
  4779 | D:7      | 4779 ||| Stepping ~*~*~tactically~*~*~ (hiding).
  4800 | D:7      | Found Diceli's Distillery.
  4810 | D:7      | 4810 ||| BUYING 2 potions of mutation (240 gold).
  4810 | D:7      | Bought 2 potions of mutation for 240 gold pieces
  4810 | D:7      | 4810 ||| BUYING potion of curing (45 gold).
  4810 | D:7      | Bought a potion of curing for 45 gold pieces
  4810 | D:7      | 4810 ||| BUYING potion of mutation (120 gold).
  4810 | D:7      | Bought a potion of mutation for 120 gold pieces
  4863 | D:7      | Identified the +7 great sword of Starshine {flame, rPois
                  | rN+++ Int-5 Dex-4}
  5000 | D:7      | 5000 ||| Stepping ~*~*~tactically~*~*~ (stealth).
  5001 | D:7      | 5001 ||| Stepping ~*~*~tactically~*~*~ (stealth).
  5002 | D:7      | 5002 ||| Stepping ~*~*~tactically~*~*~ (stealth).
  5003 | D:7      | 5003 ||| Stepping ~*~*~tactically~*~*~ (stealth).
  5244 | D:7      | 5244 ||| UPGRADING to +4 ring of protection.
  5245 | D:7      | 5245 ||| READING scroll labelled IXIKKOO ACZEWAB.
  5266 | D:7      | 5266 ||| READING 2 scrolls of identify.
  5266 | D:7      | 5266 ||| IDENTIFYING viscous yellow potion
  5267 | D:7      | 5267 ||| DRINKING potion of experience.
  5267 | D:7      | Reached skill level 16 in Unarmed Combat
  5267 | D:7      | Reached XP level 11. HP: 104/104 MP: 11/11
  5316 | D:8      | 5316 ||| Stepping ~*~*~tactically~*~*~ (outnumbered).
  5317 | D:8      | 5317 ||| Stepping ~*~*~tactically~*~*~ (outnumbered).
  5318 | D:8      | 5318 ||| Stepping ~*~*~tactically~*~*~ (outnumbered).
  5319 | D:8      | 5319 ||| Stepping ~*~*~tactically~*~*~ (outnumbered).
  5320 | D:8      | 5320 ||| STAIRDANCE
  5337 | D:8      | 5337 ||| STAIRDANCE
  5354 | D:8      | Found a transporter.
  5360 | D:8      | Found a bloodstained altar of Trog.
  5360 | D:8      | Noticed qw's ghost (novice TrCA)
  5361 | D:8      | Found a transporter.
  5395 | D:8      | 5395 ||| INVOKING Fiery Armour.
  5398 | D:8      | 5398 ||| Stepping ~*~*~tactically~*~*~ (outnumbered).
  5522 | D:8      | 5522 ||| Stepping ~*~*~tactically~*~*~ (stealth).
  5558 | D:8      | 5558 ||| Stepping ~*~*~tactically~*~*~ (stealth).
  5559 | D:8      | 5559 ||| Stepping ~*~*~tactically~*~*~ (stealth).
  5562 | D:8      | 5562 ||| Stepping ~*~*~tactically~*~*~ (stealth).
  5566 | D:8      | 5566 ||| Stepping ~*~*~tactically~*~*~ (stealth).
  5573 | D:8      | Reached skill level 6 in Fighting
  5573 | D:8      | 5573 ||| Stepping ~*~*~tactically~*~*~ (stealth).
  5590 | D:8      | 5590 ||| Stepping ~*~*~tactically~*~*~ (stealth).
  5643 | D:8      | 5643 ||| Stepping ~*~*~tactically~*~*~ (hiding).
  5650 | D:8      | 5650 ||| INVOKING Fiery Armour.
  5651 | D:8      | 5651 ||| FLEEEEING.
  5652 | D:8      | 5652 ||| FLEEEEING.
  5653 | D:8      | 5653 ||| FLEEEEING.
  5654 | D:8      | 5654 ||| FLEEEEING.
  5655 | D:8      | 5655 ||| FLEEEEING.
  5656 | D:8      | 5656 ||| FLEEEEING.
  5657 | D:8      | 5657 ||| FLEEEEING.
  5658 | D:8      | 5658 ||| FLEEEEING.
  5659 | D:8      | 5659 ||| FLEEEEING.
  5683 | D:8      | 5683 ||| DRINKING 8 potions of curing.
  5683 | D:8      | 5683 ||| (to cure confusion)
  5851 | D:8      | 5851 ||| Stepping ~*~*~tactically~*~*~ (stealth).
  5873 | D:8      | Found a runed translucent door.
  5896 | D:8      | Found a shimmering altar of Xom.
  5897 | D:8      | 5897 ||| INVOKING Fiery Armour.
  5899 | D:8      | 5899 ||| Stepping ~*~*~tactically~*~*~ (outnumbered).
  5900 | D:8      | 5900 ||| Stepping ~*~*~tactically~*~*~ (outnumbered).
  5901 | D:8      | 5901 ||| Stepping ~*~*~tactically~*~*~ (outnumbered).
  5913 | D:8      | Found a stormy altar of Qazlal.
  5929 | D:8      | Found a glowing silver altar of Zin.
  5939 | D:8      | Found an iron altar of Okawaru.
  5944 | D:8      | 5944 ||| Stepping ~*~*~tactically~*~*~ (outnumbered).
  5947 | D:8      | Reached skill level 3 in Throwing
  6143 | D:8      | 6143 ||| Stepping ~*~*~tactically~*~*~ (stealth).
  6178 | D:8      | Noticed a flayed ghost
  6233 | D:8      | Found a snail-covered altar of Cheibriados.
  6234 | D:8      | 6234 ||| INVOKING Fiery Armour.
  6235 | D:8      | 6235 ||| Stepping ~*~*~tactically~*~*~ (outnumbered).
  6241 | D:8      | 6241 ||| Stepping ~*~*~tactically~*~*~ (outnumbered).
  6256 | D:8      | Found a shadowy altar of Dithmenos.
  6426 | D:8      | Found a hide-covered altar of Uskayaw.
  6625 | D:8      | 6625 ||| Stepping ~*~*~tactically~*~*~ (outnumbered).
  6658 | D:8      | 6658 ||| DRINKING 2 sapphire potions.
  6659 | D:8      | 6659 ||| READING 2 scrolls of identify.
  6659 | D:8      | 6659 ||| IDENTIFYING murky pink potion
  6660 | D:8      | 6660 ||| DROPPING potion of lignification.
  6661 | D:8      | 6661 ||| DROPPING potion of degeneration.
  6707 | D:9      | Found a staircase to the Lair.
  6742 | D:9      | Noticed a two-headed ogre
  6749 | D:9      | Killed a two-headed ogre
  6801 | D:9      | 6801 ||| INVOKING Fiery Armour.
  6805 | D:9      | 6805 ||| Stepping ~*~*~tactically~*~*~ (outnumbered).
  6806 | D:9      | 6806 ||| Stepping ~*~*~tactically~*~*~ (outnumbered).
  6807 | D:9      | 6807 ||| Stepping ~*~*~tactically~*~*~ (outnumbered).
  6808 | D:9      | 6808 ||| Stepping ~*~*~tactically~*~*~ (outnumbered).
  6809 | D:9      | 6809 ||| Stepping ~*~*~tactically~*~*~ (outnumbered).
  6810 | D:9      | 6810 ||| Stepping ~*~*~tactically~*~*~ (outnumbered).
  6811 | D:9      | 6811 ||| Stepping ~*~*~tactically~*~*~ (outnumbered).
  6812 | D:9      | 6812 ||| Stepping ~*~*~tactically~*~*~ (outnumbered).
  6813 | D:9      | 6813 ||| Stepping ~*~*~tactically~*~*~ (outnumbered).
  6814 | D:9      | 6814 ||| Stepping ~*~*~tactically~*~*~ (outnumbered).
  6815 | D:9      | 6815 ||| Stepping ~*~*~tactically~*~*~ (outnumbered).
  6816 | D:9      | 6816 ||| Stepping ~*~*~tactically~*~*~ (outnumbered).
  6817 | D:9      | 6817 ||| Stepping ~*~*~tactically~*~*~ (outnumbered).
  6820 | D:9      | 6820 ||| Stepping ~*~*~tactically~*~*~ (outnumbered).
  6821 | D:9      | 6821 ||| Stepping ~*~*~tactically~*~*~ (outnumbered).
  6822 | D:9      | 6822 ||| Stepping ~*~*~tactically~*~*~ (outnumbered).
  6824 | D:9      | Reached skill level 17 in Unarmed Combat
  6824 | D:9      | 6824 ||| Stepping ~*~*~tactically~*~*~ (outnumbered).
  6828 | D:9      | 6828 ||| Stepping ~*~*~tactically~*~*~ (outnumbered).
  6833 | D:9      | 6833 ||| Stepping ~*~*~tactically~*~*~ (outnumbered).
  6848 | D:9      | 6848 ||| Stepping ~*~*~tactically~*~*~ (outnumbered).
  6973 | D:9      | Noticed Erolcha
  6974 | D:9      | 6974 ||| INVOKING Fiery Armour.
  6981 | D:9      | Killed Erolcha
  7133 | D:9      | 7133 ||| DRINKING 8 potions of curing.
  7133 | D:9      | 7133 ||| (to cure confusion)
  7219 | D:9      | 7219 ||| Stepping ~*~*~tactically~*~*~ (stealth).
  7220 | D:9      | 7220 ||| Stepping ~*~*~tactically~*~*~ (stealth).
  7228 | D:9      | 7228 ||| Stepping ~*~*~tactically~*~*~ (outnumbered).
  7229 | D:9      | 7229 ||| Stepping ~*~*~tactically~*~*~ (outnumbered).
  7230 | D:9      | 7230 ||| Stepping ~*~*~tactically~*~*~ (outnumbered).
  7231 | D:9      | 7231 ||| Stepping ~*~*~tactically~*~*~ (outnumbered).
  7232 | D:9      | 7232 ||| Stepping ~*~*~tactically~*~*~ (outnumbered).
  7233 | D:9      | 7233 ||| Stepping ~*~*~tactically~*~*~ (outnumbered).
  7234 | D:9      | 7234 ||| Stepping ~*~*~tactically~*~*~ (outnumbered).
  7235 | D:9      | 7235 ||| Stepping ~*~*~tactically~*~*~ (outnumbered).
  7236 | D:9      | 7236 ||| Stepping ~*~*~tactically~*~*~ (outnumbered).
  7238 | D:9      | 7238 ||| FLEEEEING.
  7239 | D:9      | 7239 ||| FLEEEEING.
  7240 | D:9      | 7240 ||| FLEEEEING.
  7241 | D:9      | 7241 ||| FLEEEEING.
  7242 | D:9      | 7242 ||| FLEEEEING.
  7243 | D:9      | 7243 ||| FLEEEEING.
  7245 | D:9      | 7245 ||| STAIRDANCE
  7342 | D:8      | 7342 ||| UPGRADING to +6 ring of dexterity.
  7343 | D:8      | 7343 ||| READING 2 scrolls of identify.
  7343 | D:8      | 7343 ||| IDENTIFYING emerald potion
  7442 | D:9      | 7442 ||| PLANNING LAIR
  7461 | D:9      | Reached XP level 12. HP: 112/118 MP: 12/12
  7506 | Lair:1   | Entered Level 1 of the Lair of Beasts
  7608 | Lair:1   | 7608 ||| Stepping ~*~*~tactically~*~*~ (stealth).
  7610 | Lair:1   | 7610 ||| Stepping ~*~*~tactically~*~*~ (hiding).
  7611 | Lair:1   | 7611 ||| Stepping ~*~*~tactically~*~*~ (hiding).
  7759 | Lair:1   | Reached skill level 3 in Dodging
  7856 | Lair:1   | 7856 ||| INVOKING Fiery Armour.
  7857 | Lair:1   | 7857 ||| Stepping ~*~*~tactically~*~*~ (outnumbered).
  7859 | Lair:1   | 7859 ||| Stepping ~*~*~tactically~*~*~ (outnumbered).
  7861 | Lair:1   | 7861 ||| Stepping ~*~*~tactically~*~*~ (outnumbered).
  7862 | Lair:1   | 7862 ||| Stepping ~*~*~tactically~*~*~ (outnumbered).
  7863 | Lair:1   | 7863 ||| Stepping ~*~*~tactically~*~*~ (outnumbered).
  7864 | Lair:1   | 7864 ||| Stepping ~*~*~tactically~*~*~ (outnumbered).
  7865 | Lair:1   | 7865 ||| Stepping ~*~*~tactically~*~*~ (outnumbered).
  7869 | Lair:1   | 7869 ||| Stepping ~*~*~tactically~*~*~ (outnumbered).
  7961 | Lair:1   | 7961 ||| INVOKING Fiery Armour.
  7993 | Lair:1   | 7993 ||| Stepping ~*~*~tactically~*~*~ (stealth).
  7994 | Lair:1   | 7994 ||| Stepping ~*~*~tactically~*~*~ (stealth).
  7998 | Lair:1   | 7998 ||| Stepping ~*~*~tactically~*~*~ (stealth).
  8095 | Lair:1   | 8095 ||| Stepping ~*~*~tactically~*~*~ (stealth).
  8215 | Lair:1   | 8215 ||| READING 3 scrolls of identify.
  8215 | Lair:1   | 8215 ||| IDENTIFYING purple potion
  8224 | Lair:2   | 8224 ||| STAIRDANCE
  8240 | Lair:2   | 8240 ||| STAIRDANCE
  8252 | Lair:2   | 8252 ||| STAIRDANCE
  8270 | Lair:2   | 8270 ||| STAIRDANCE
  8308 | Lair:2   | 8308 ||| DRINKING potion of cancellation.
  8437 | Lair:2   | Reached skill level 18 in Unarmed Combat
  8625 | Lair:2   | 8625 ||| Stepping ~*~*~tactically~*~*~ (hiding).
  8630 | Lair:2   | 8630 ||| Stepping ~*~*~tactically~*~*~ (hiding).
  8631 | Lair:2   | 8631 ||| INVOKING Fiery Armour.
  8633 | Lair:2   | 8633 ||| Stepping ~*~*~tactically~*~*~ (stealth).
  8639 | Lair:2   | 8639 ||| Stepping ~*~*~tactically~*~*~ (outnumbered).
  8640 | Lair:2   | 8640 ||| Stepping ~*~*~tactically~*~*~ (outnumbered).
  8640 | Lair:2   | Found a staircase to the Snake Pit.
  8641 | Lair:2   | 8641 ||| PLANNING CONVERSION TO OKAWARU
  8641 | Lair:2   | 8641 ||| Stepping ~*~*~tactically~*~*~ (outnumbered).
  8643 | Lair:2   | 8643 ||| Stepping ~*~*~tactically~*~*~ (outnumbered).
  8644 | Lair:2   | 8644 ||| Stepping ~*~*~tactically~*~*~ (outnumbered).
  8746 | D:8      | Fell from the grace of Ignis
  8746 | D:8      | Became a worshipper of Warmaster Okawaru
  8747 | D:8      | 8747 ||| PLANNING LAIR
  8759 | D:8      | 8759 ||| READING 5 scrolls of identify.
  8759 | D:8      | 8759 ||| IDENTIFYING dark potion
  8760 | D:8      | 8760 ||| READING 4 scrolls of identify.
  8760 | D:8      | 8760 ||| IDENTIFYING puce potion
  8761 | D:8      | 8761 ||| DROPPING potion of flight.
  8762 | D:8      | 8762 ||| DROPPING potion of ambrosia.
  8849 | Lair:2   | Found a staircase to the Swamp.
  9380 | Lair:3   | 9380 ||| Stepping ~*~*~tactically~*~*~ (stealth).
  9381 | Lair:3   | 9381 ||| Stepping ~*~*~tactically~*~*~ (stealth).
  9383 | Lair:3   | 9383 ||| Stepping ~*~*~tactically~*~*~ (stealth).
  9385 | Lair:3   | 9385 ||| Stepping ~*~*~tactically~*~*~ (hiding).
  9386 | Lair:3   | 9386 ||| Stepping ~*~*~tactically~*~*~ (hiding).
  9387 | Lair:3   | 9387 ||| Stepping ~*~*~tactically~*~*~ (stealth).
  9390 | Lair:3   | Reached skill level 1 in Armour
  9392 | Lair:3   | 9392 ||| Stepping ~*~*~tactically~*~*~ (outnumbered).
  9394 | Lair:3   | Reached * piety under Okawaru
  9395 | Lair:3   | 9395 ||| INVOKING Heroism.
  9397 | Lair:3   | 9397 ||| Stepping ~*~*~tactically~*~*~ (outnumbered).
  9410 | Lair:3   | 9410 ||| INVOKING Heroism.
  9414 | Lair:3   | Reached skill level 1 in Invocations
  9467 | Lair:3   | 9467 ||| DRINKING 8 potions of curing.
  9467 | Lair:3   | 9467 ||| (to cure confusion)
  9520 | Lair:3   | 9520 ||| INVOKING Heroism.
  9522 | Lair:3   | 9522 ||| Stepping ~*~*~tactically~*~*~ (outnumbered).
  9687 | Lair:3   | 9687 ||| Stepping ~*~*~tactically~*~*~ (stealth).
  9689 | Lair:3   | 9689 ||| INVOKING Heroism.
  9696 | Lair:3   | Reached ** piety under Okawaru
  9719 | Lair:3   | 9719 ||| INVOKING Heroism.
  9720 | Lair:3   | 9720 ||| Stepping ~*~*~tactically~*~*~ (stealth).
  9749 | Lair:3   | 9749 ||| INVOKING Heroism.
  9759 | Lair:3   | Reached XP level 13. HP: 127/127 MP: 11/14
 10068 | Lair:3   | You fall into a shaft and drop 2 floors!
 10068 | Lair:5   | Entered Level 5 of the Lair of Beasts
 10071 | Lair:5   | 10071 ||| Stepping ~*~*~tactically~*~*~ (stealth).
 10072 | Lair:5   | 10072 ||| Stepping ~*~*~tactically~*~*~ (stealth).
 10073 | Lair:5   | 10073 ||| Stepping ~*~*~tactically~*~*~ (stealth).
 10074 | Lair:5   | 10074 ||| Stepping ~*~*~tactically~*~*~ (stealth).
 10075 | Lair:5   | 10075 ||| INVOKING Heroism.
 10077 | Lair:5   | Reached *** piety under Okawaru
 10078 | Lair:5   | Reached skill level 3 in Invocations
 10078 | Lair:5   | 10078 ||| Stepping ~*~*~tactically~*~*~ (outnumbered).
 10079 | Lair:5   | 10079 ||| Stepping ~*~*~tactically~*~*~ (outnumbered).
 10080 | Lair:5   | 10080 ||| Stepping ~*~*~tactically~*~*~ (stealth).
 10081 | Lair:5   | 10081 ||| Stepping ~*~*~tactically~*~*~ (stealth).
 10082 | Lair:5   | 10082 ||| Stepping ~*~*~tactically~*~*~ (outnumbered).
 10083 | Lair:5   | 10083 ||| Stepping ~*~*~tactically~*~*~ (outnumbered).
 10084 | Lair:5   | 10084 ||| Stepping ~*~*~tactically~*~*~ (stealth).
 10085 | Lair:5   | 10085 ||| Stepping ~*~*~tactically~*~*~ (outnumbered).
 10092 | Lair:5   | 10092 ||| Stepping ~*~*~tactically~*~*~ (outnumbered).
 10093 | Lair:5   | 10093 ||| Stepping ~*~*~tactically~*~*~ (outnumbered).
 10094 | Lair:5   | 10094 ||| Stepping ~*~*~tactically~*~*~ (outnumbered).
 10095 | Lair:5   | 10095 ||| Stepping ~*~*~tactically~*~*~ (outnumbered).
 10095 | Lair:5   | HP: 30/127 [wolf (5)]
 10096 | Lair:5   | 10096 ||| READING 3 scrolls of teleportation.
 10097 | Lair:5   | 10097 ||| DRINKING 4 potions of heal wounds.
 10098 | Lair:5   | 10098 ||| INVOKING Heroism.
 10185 | Lair:5   | Noticed a dire elephant
 10186 | Lair:5   | 10186 ||| INVOKING Heroism.
 10192 | Lair:5   | Killed a dire elephant
 10258 | Lair:5   | Noticed a dire elephant
 10259 | Lair:5   | Noticed a dire elephant
 10333 | Lair:5   | 10333 ||| Stepping ~*~*~tactically~*~*~ (outnumbered).
 10338 | Lair:5   | Reached **** piety under Okawaru
 10368 | Lair:5   | 10368 ||| DROPPING amulet of magic regeneration.
 10369 | Lair:5   | 10369 ||| READING scroll labelled ZYASACULLA.
 10370 | Lair:5   | 10370 ||| READING scroll labelled TYEQABRECOZ.
 10371 | Lair:5   | 10371 ||| READING 6 scrolls of identify.
 10371 | Lair:5   | 10371 ||| IDENTIFYING green potion
 10372 | Lair:5   | 10372 ||| DROPPING potion of berserk rage.
 10375 | Lair:5   | 10375 ||| Stepping ~*~*~tactically~*~*~ (stealth).
 10378 | Lair:5   | 10378 ||| INVOKING Heroism.
 10379 | Lair:5   | 10379 ||| Stepping ~*~*~tactically~*~*~ (outnumbered).
 10389 | Lair:5   | Received a gift from Okawaru
 10394 | Lair:5   | Reached skill level 19 in Unarmed Combat
 10428 | Lair:4   | Identified the +10 short sword of Suiqui {drain, *Corrode
                  | rN+++ MP+9 Str+6}
 10446 | Lair:4   | 10446 ||| READING scroll labelled DEJYNT PINU.
 10467 | Lair:4   | You fall into a shaft and drop 1 floor!
 10532 | Lair:4   | 10532 ||| Stepping ~*~*~tactically~*~*~ (outnumbered).
 10534 | Lair:4   | 10534 ||| Stepping ~*~*~tactically~*~*~ (outnumbered).
 10535 | Lair:4   | 10535 ||| Stepping ~*~*~tactically~*~*~ (outnumbered).
 10546 | Lair:4   | You fall into a shaft and drop 1 floor!
 10547 | Lair:5   | 10547 ||| INVOKING Heroism.
 10548 | Lair:5   | 10548 ||| Stepping ~*~*~tactically~*~*~ (outnumbered).
 10552 | Lair:5   | 10552 ||| Stepping ~*~*~tactically~*~*~ (outnumbered).
 10614 | Lair:4   | 10614 ||| Stepping ~*~*~tactically~*~*~ (stealth).
 10616 | Lair:4   | 10616 ||| INVOKING Heroism.
 10622 | Lair:4   | 10622 ||| Stepping ~*~*~tactically~*~*~ (outnumbered).
 10623 | Lair:4   | 10623 ||| Stepping ~*~*~tactically~*~*~ (outnumbered).
 10626 | Lair:4   | 10626 ||| Stepping ~*~*~tactically~*~*~ (outnumbered).
 10712 | Lair:4   | 10712 ||| UPGRADING to ring of see invisible.
 10813 | Lair:3   | 10813 ||| INVOKING Heroism.
 10814 | Lair:3   | 10814 ||| Stepping ~*~*~tactically~*~*~ (cloud).
 10891 | Lair:3   | Was forgiven by Ignis
 11224 | Lair:4   | 11224 ||| STAIRDANCE
 11475 | Lair:4   | 11475 ||| INVOKING Heroism.
 11621 | Lair:5   | 11621 ||| INVOKING Heroism.
 11651 | Lair:5   | 11651 ||| Stepping ~*~*~tactically~*~*~ (stealth).
 11651 | Lair:5   | Found a staircase to the Slime Pits.
 11652 | Lair:5   | 11652 ||| INVOKING Heroism.
 11655 | Lair:5   | 11655 ||| Stepping ~*~*~tactically~*~*~ (stealth).
 11667 | Lair:5   | Reached skill level 6 in Invocations
 11670 | Lair:5   | 11670 ||| Stepping ~*~*~tactically~*~*~ (outnumbered).
 11671 | Lair:5   | 11671 ||| Stepping ~*~*~tactically~*~*~ (outnumbered).
 11672 | Lair:5   | 11672 ||| Stepping ~*~*~tactically~*~*~ (outnumbered).
 11673 | Lair:5   | 11673 ||| Stepping ~*~*~tactically~*~*~ (outnumbered).
 11676 | Lair:5   | Reached ***** piety under Okawaru
 11687 | Lair:5   | Reached skill level 9 in Fighting
 11688 | Lair:5   | 11688 ||| FLEEEEING.
 11689 | Lair:5   | 11689 ||| FLEEEEING.
 11691 | Lair:5   | 11691 ||| FLEEEEING.
 11692 | Lair:5   | 11692 ||| FLEEEEING.
 11693 | Lair:5   | 11693 ||| FLEEEEING.
 11722 | Lair:5   | 11722 ||| Stepping ~*~*~tactically~*~*~ (stealth).
 11723 | Lair:5   | 11723 ||| Stepping ~*~*~tactically~*~*~ (stealth).
 11725 | Lair:5   | 11725 ||| Stepping ~*~*~tactically~*~*~ (stealth).
 11727 | Lair:5   | 11727 ||| Stepping ~*~*~tactically~*~*~ (stealth).
 11731 | Lair:5   | 11731 ||| INVOKING Heroism.
 11732 | Lair:5   | 11732 ||| INVOKING Finesse.
 11743 | Lair:5   | 11743 ||| Stepping ~*~*~tactically~*~*~ (stealth).
 11789 | Lair:5   | 11789 ||| Stepping ~*~*~tactically~*~*~ (stealth).
 11791 | Lair:5   | 11791 ||| Stepping ~*~*~tactically~*~*~ (stealth).
 11800 | Lair:5   | Received a gift from Okawaru
 11804 | Lair:5   | 11804 ||| Stepping ~*~*~tactically~*~*~ (stealth).
 11808 | Lair:5   | 11808 ||| Stepping ~*~*~tactically~*~*~ (stealth).
 11826 | Lair:5   | 11826 ||| Stepping ~*~*~tactically~*~*~ (stealth).
 11833 | Lair:5   | 11833 ||| INVOKING Heroism.
 11834 | Lair:5   | 11834 ||| INVOKING Finesse.
 11840 | Lair:5   | 11840 ||| Stepping ~*~*~tactically~*~*~ (stealth).
 11846 | Lair:5   | 11846 ||| Stepping ~*~*~tactically~*~*~ (stealth).
 11853 | Lair:5   | 11853 ||| Stepping ~*~*~tactically~*~*~ (stealth).
 11869 | Lair:5   | 11869 ||| Stepping ~*~*~tactically~*~*~ (stealth).
 11878 | Lair:5   | 11878 ||| Stepping ~*~*~tactically~*~*~ (stealth).
 11879 | Lair:5   | 11879 ||| Stepping ~*~*~tactically~*~*~ (stealth).
 11884 | Lair:5   | 11884 ||| FLEEEEING.
 11886 | Lair:5   | 11886 ||| FLEEEEING.
 11887 | Lair:5   | 11887 ||| FLEEEEING.
 11888 | Lair:5   | 11888 ||| FLEEEEING.
 11924 | Lair:5   | 11924 ||| INVOKING Heroism.
 11947 | Lair:5   | 11947 ||| Stepping ~*~*~tactically~*~*~ (stealth).
 11948 | Lair:5   | 11948 ||| Stepping ~*~*~tactically~*~*~ (stealth).
 12019 | Lair:5   | 12019 ||| Stepping ~*~*~tactically~*~*~ (stealth).
 12077 | Lair:5   | 12077 ||| INVOKING Heroism.
 12078 | Lair:5   | 12078 ||| INVOKING Finesse.
 12242 | Lair:5   | 12242 ||| Stepping ~*~*~tactically~*~*~ (stealth).
 12243 | Lair:5   | 12243 ||| INVOKING Heroism.
 12251 | Lair:5   | 12251 ||| Stepping ~*~*~tactically~*~*~ (outnumbered).
 12254 | Lair:5   | 12254 ||| Stepping ~*~*~tactically~*~*~ (outnumbered).
 12255 | Lair:5   | 12255 ||| Stepping ~*~*~tactically~*~*~ (outnumbered).
 12256 | Lair:5   | 12256 ||| Stepping ~*~*~tactically~*~*~ (outnumbered).
 12257 | Lair:5   | 12257 ||| Stepping ~*~*~tactically~*~*~ (outnumbered).
 12258 | Lair:5   | 12258 ||| Stepping ~*~*~tactically~*~*~ (outnumbered).
 12259 | Lair:5   | 12259 ||| Stepping ~*~*~tactically~*~*~ (outnumbered).
 12264 | Lair:5   | Reached XP level 14. HP: 106/140 MP: 18/18
 12337 | Lair:5   | 12337 ||| FLEEEEING.
 12373 | Lair:5   | 12373 ||| Stepping ~*~*~tactically~*~*~ (stealth).
 12374 | Lair:5   | 12374 ||| Stepping ~*~*~tactically~*~*~ (stealth).
 12417 | Lair:5   | 12417 ||| INVOKING Heroism.
 12501 | Lair:5   | 12501 ||| Stepping ~*~*~tactically~*~*~ (hiding).
 12502 | Lair:5   | 12502 ||| Stepping ~*~*~tactically~*~*~ (hiding).
 12503 | Lair:5   | 12503 ||| INVOKING Heroism.
 12504 | Lair:5   | 12504 ||| Stepping ~*~*~tactically~*~*~ (outnumbered).
 12505 | Lair:5   | 12505 ||| Stepping ~*~*~tactically~*~*~ (outnumbered).
 12506 | Lair:5   | 12506 ||| Stepping ~*~*~tactically~*~*~ (outnumbered).
 12507 | Lair:5   | 12507 ||| Stepping ~*~*~tactically~*~*~ (hiding).
 12509 | Lair:5   | 12509 ||| Stepping ~*~*~tactically~*~*~ (outnumbered).
 12527 | Lair:5   | Reached skill level 6 in Throwing
 12560 | Lair:5   | Identified the +11 halberd "Rewowig" {antimagic, rPois
                  | Str+6 Int-2}
 12976 | Lair:5   | 12976 ||| INVOKING Heroism.
 12978 | Lair:5   | 12978 ||| Stepping ~*~*~tactically~*~*~ (outnumbered).
 13004 | Lair:5   | 13004 ||| Stepping ~*~*~tactically~*~*~ (outnumbered).
 13005 | Lair:5   | HP: 32/140 [dire elephant (10)]
 13006 | Lair:5   | 13006 ||| READING 4 scrolls of teleportation.
 13006 | Lair:5   | HP: 9/140 [dire elephant (14)]
 13007 | Lair:5   | 13007 ||| DRINKING 5 potions of heal wounds.
 13007 | Lair:5   | HP: 4/140 [dire elephant (2)]
 13008 | Lair:5   | 13008 ||| DRINKING 4 potions of heal wounds.
 13153 | Lair:5   | 13153 ||| INVOKING Heroism.
 13199 | Lair:5   | 13199 ||| INVOKING Heroism.
 13200 | Lair:5   | 13200 ||| INVOKING Finesse.
 13202 | Lair:5   | 13202 ||| Stepping ~*~*~tactically~*~*~ (hiding).
 13260 | Lair:5   | 13260 ||| FLEEEEING.
 13266 | Lair:5   | 13266 ||| FLEEEEING.
 13267 | Lair:5   | 13267 ||| INVOKING Heroism.
 13268 | Lair:5   | 13268 ||| INVOKING Finesse.
 13280 | Lair:5   | 13280 ||| FLEEEEING.
 13284 | Lair:5   | Gained mutation: Your body sometimes deteriorates upon
                  | taking damage. [a neqoxec]
 13296 | Lair:5   | 13296 ||| FLEEEEING.
 13305 | Lair:5   | 13305 ||| FLEEEEING.
 13306 | Lair:5   | 13306 ||| FLEEEEING.
 13307 | Lair:5   | 13307 ||| FLEEEEING.
 13308 | Lair:5   | 13308 ||| FLEEEEING.
 13309 | Lair:5   | 13309 ||| FLEEEEING.
 13392 | Lair:5   | 13392 ||| INVOKING Heroism.
 13394 | Lair:5   | 13394 ||| Stepping ~*~*~tactically~*~*~ (hiding).
 13426 | Lair:5   | 13426 ||| INVOKING Heroism.
 13443 | Lair:5   | HP: 33/140 [red devil/+4 trident[an obsidian statue] (5)]
 13444 | Lair:5   | 13444 ||| READING 3 scrolls of teleportation.
 13444 | Lair:5   | HP: 13/140 [red devil/+4 trident[an obsidian statue] (21)]
 13445 | Lair:5   | 13445 ||| DRINKING 3 potions of heal wounds.
 13448 | Lair:5   | 13448 ||| DRINKING 2 potions of heal wounds.
 13548 | Lair:5   | 13548 ||| INVOKING Heroism.
 13645 | Lair:5   | 13645 ||| INVOKING Heroism.
 13647 | Lair:5   | 13647 ||| Stepping ~*~*~tactically~*~*~ (hiding).
 13650 | Lair:5   | 13650 ||| Stepping ~*~*~tactically~*~*~ (outnumbered).
 13681 | Lair:5   | 13681 ||| INVOKING Heroism.
 13712 | Lair:5   | Received a gift from Okawaru
 13850 | Lair:5   | 13850 ||| PLANNING D:1-11
 13850 | Lair:5   | 13850 ||| DROPPING +1 robe of positive energy.
 13851 | Lair:5   | 13851 ||| DROPPING amulet of faith.
 13952 | D:10     | Entered Level 10 of the Dungeon
 13965 | D:10     | 13965 ||| Stepping ~*~*~tactically~*~*~ (hiding).
 13968 | D:10     | 13968 ||| Stepping ~*~*~tactically~*~*~ (hiding).
 14089 | D:10     | 14089 ||| INVOKING Heroism.
 14137 | D:10     | 14137 ||| Stepping ~*~*~tactically~*~*~ (outnumbered).
 14138 | D:10     | 14138 ||| Stepping ~*~*~tactically~*~*~ (outnumbered).
 14139 | D:10     | 14139 ||| Stepping ~*~*~tactically~*~*~ (outnumbered).
 14140 | D:10     | 14140 ||| Stepping ~*~*~tactically~*~*~ (outnumbered).
 14142 | D:10     | 14142 ||| Stepping ~*~*~tactically~*~*~ (outnumbered).
 14145 | D:10     | 14145 ||| Stepping ~*~*~tactically~*~*~ (outnumbered).
 14148 | D:10     | 14148 ||| Stepping ~*~*~tactically~*~*~ (outnumbered).
 14234 | D:10     | Found a basalt altar of Yredelemnul.
 14259 | D:10     | 14259 ||| Stepping ~*~*~tactically~*~*~ (hiding).
 14271 | D:10     | 14271 ||| INVOKING Heroism.
 14289 | D:10     | 14289 ||| Stepping ~*~*~tactically~*~*~ (stealth).
 14291 | D:10     | 14291 ||| Stepping ~*~*~tactically~*~*~ (stealth).
 14293 | D:10     | 14293 ||| Stepping ~*~*~tactically~*~*~ (stealth).
 14294 | D:10     | 14294 ||| Stepping ~*~*~tactically~*~*~ (stealth).
 14298 | D:10     | 14298 ||| Stepping ~*~*~tactically~*~*~ (stealth).
 14334 | D:10     | 14334 ||| Stepping ~*~*~tactically~*~*~ (stealth).
 14335 | D:10     | 14335 ||| Stepping ~*~*~tactically~*~*~ (stealth).
 14337 | D:10     | 14337 ||| Stepping ~*~*~tactically~*~*~ (hiding).
 14339 | D:10     | Found a staircase to the Orcish Mines.
 14340 | D:10     | 14340 ||| Stepping ~*~*~tactically~*~*~ (hiding).
 14352 | D:10     | 14352 ||| Stepping ~*~*~tactically~*~*~ (hiding).
 14353 | D:10     | 14353 ||| Stepping ~*~*~tactically~*~*~ (hiding).
 14378 | D:10     | 14378 ||| INVOKING Heroism.
 14422 | D:10     | 14422 ||| Stepping ~*~*~tactically~*~*~ (stealth).
 14653 | D:10     | 14653 ||| INVOKING Heroism.
 14655 | D:10     | 14655 ||| Stepping ~*~*~tactically~*~*~ (outnumbered).
 14656 | D:10     | 14656 ||| Stepping ~*~*~tactically~*~*~ (outnumbered).
 14657 | D:10     | 14657 ||| Stepping ~*~*~tactically~*~*~ (outnumbered).
 14662 | D:10     | Reached skill level 9 in Invocations
 14706 | D:10     | 14706 ||| INVOKING Heroism.
 14707 | D:10     | 14707 ||| Stepping ~*~*~tactically~*~*~ (outnumbered).
 14713 | D:10     | 14713 ||| Stepping ~*~*~tactically~*~*~ (outnumbered).
 14714 | D:10     | 14714 ||| Stepping ~*~*~tactically~*~*~ (outnumbered).
 14718 | D:10     | 14718 ||| Stepping ~*~*~tactically~*~*~ (outnumbered).
 14719 | D:10     | 14719 ||| Stepping ~*~*~tactically~*~*~ (outnumbered).
 14720 | D:10     | 14720 ||| Stepping ~*~*~tactically~*~*~ (outnumbered).
 14721 | D:10     | 14721 ||| Stepping ~*~*~tactically~*~*~ (outnumbered).
 15098 | D:10     | 15098 ||| READING scroll labelled RIUSACS WEISO.
 15099 | D:10     | 15099 ||| READING 7 scrolls of identify.
 15099 | D:10     | 15099 ||| IDENTIFYING viscous puce potion
 15152 | D:11     | Noticed Josephine
 15154 | D:11     | 15154 ||| FLEEEEING.
 15163 | D:11     | Killed Josephine
 15170 | D:11     | 15170 ||| INVOKING Heroism.
 15171 | D:11     | Received a gift from Okawaru
 15204 | D:11     | 15204 ||| Stepping ~*~*~tactically~*~*~ (stealth).
 15206 | D:11     | 15206 ||| Stepping ~*~*~tactically~*~*~ (stealth).
 15264 | D:11     | 15264 ||| INVOKING Heroism.
 15523 | D:11     | 15523 ||| INVOKING Heroism.
 15525 | D:11     | 15525 ||| Stepping ~*~*~tactically~*~*~ (outnumbered).
 15526 | D:11     | 15526 ||| Stepping ~*~*~tactically~*~*~ (outnumbered).
 15527 | D:11     | 15527 ||| Stepping ~*~*~tactically~*~*~ (outnumbered).
 15528 | D:11     | 15528 ||| Stepping ~*~*~tactically~*~*~ (outnumbered).
 15529 | D:11     | 15529 ||| Stepping ~*~*~tactically~*~*~ (outnumbered).
 15674 | D:11     | Identified the +8 flail of Senapu {vorpal, rC+}
 15761 | D:11     | 15761 ||| INVOKING Heroism.
 15766 | D:11     | 15766 ||| Stepping ~*~*~tactically~*~*~ (outnumbered).
 15802 | D:11     | 15802 ||| Stepping ~*~*~tactically~*~*~ (hiding).
 15855 | D:11     | 15855 ||| Stepping ~*~*~tactically~*~*~ (stealth).
 15857 | D:11     | 15857 ||| Stepping ~*~*~tactically~*~*~ (hiding).
 15865 | D:11     | 15865 ||| Stepping ~*~*~tactically~*~*~ (hiding).
 15981 | D:11     | 15981 ||| INVOKING Heroism.
 15982 | D:11     | 15982 ||| INVOKING Finesse.
 16104 | D:11     | 16104 ||| PLANNING D
 16104 | D:11     | 16104 ||| UPGRADING to +1 robe of willpower.
 16114 | D:11     | 16114 ||| DROPPING +2 robe of positive energy.
 16115 | D:11     | 16115 ||| UPGRADING to +0 troll leather armour.
 16125 | D:11     | 16125 ||| DROPPING +1 robe of willpower.
 16126 | D:11     | 16126 ||| DROPPING amulet of guardian spirit.
 16127 | D:11     | 16127 ||| DRINKING 2 bubbling emerald potions.
 16157 | D:12     | 16157 ||| INVOKING Heroism.
 16158 | D:12     | 16158 ||| INVOKING Finesse.
 16163 | D:12     | 16163 ||| Stepping ~*~*~tactically~*~*~ (outnumbered).
 16164 | D:12     | 16164 ||| STAIRDANCE
 16168 | D:11     | Received a gift from Okawaru
 16218 | D:11     | 16218 ||| UPGRADING to +6 ring of dexterity.
 16222 | D:12     | 16222 ||| STAIRDANCE
 16232 | D:12     | 16232 ||| INVOKING Heroism.
 16233 | D:12     | 16233 ||| INVOKING Finesse.
 16296 | D:12     | 16296 ||| INVOKING Heroism.
 16360 | D:12     | 16360 ||| Stepping ~*~*~tactically~*~*~ (stealth).
 16365 | D:12     | 16365 ||| INVOKING Heroism.
 16385 | D:12     | 16385 ||| Stepping ~*~*~tactically~*~*~ (stealth).
 16387 | D:12     | 16387 ||| Stepping ~*~*~tactically~*~*~ (stealth).
 16388 | D:12     | 16388 ||| Stepping ~*~*~tactically~*~*~ (stealth).
 16390 | D:12     | 16390 ||| Stepping ~*~*~tactically~*~*~ (hiding).
 16395 | D:12     | 16395 ||| Stepping ~*~*~tactically~*~*~ (hiding).
 16418 | D:12     | 16418 ||| INVOKING Heroism.
 16512 | D:12     | 16512 ||| Stepping ~*~*~tactically~*~*~ (hiding).
 16518 | D:12     | 16518 ||| INVOKING Heroism.
 16519 | D:12     | 16519 ||| Stepping ~*~*~tactically~*~*~ (outnumbered).
 16523 | D:12     | 16523 ||| Stepping ~*~*~tactically~*~*~ (outnumbered).
 16525 | D:12     | 16525 ||| Stepping ~*~*~tactically~*~*~ (outnumbered).
 16568 | D:12     | 16568 ||| Stepping ~*~*~tactically~*~*~ (stealth).
 16623 | D:12     | 16623 ||| Stepping ~*~*~tactically~*~*~ (stealth).
 16624 | D:12     | 16624 ||| Stepping ~*~*~tactically~*~*~ (stealth).
 16627 | D:12     | 16627 ||| INVOKING Heroism.
 16636 | D:12     | 16636 ||| Stepping ~*~*~tactically~*~*~ (outnumbered).
 16715 | D:12     | 16715 ||| FLEEEEING.
 16725 | D:12     | 16725 ||| STAIRDANCE
 16737 | D:11     | 16737 ||| UPGRADING to +4 ring of protection.
 16761 | D:12     | 16761 ||| FLEEEEING.
 16771 | D:12     | 16771 ||| STAIRDANCE
 16784 | D:12     | 16784 ||| STAIRDANCE
 17006 | D:13     | Noticed Rupert
 17007 | D:13     | 17007 ||| DRINKING 8 potions of curing.
 17007 | D:13     | 17007 ||| (to cure confusion)
 17008 | D:13     | 17008 ||| INVOKING Heroism.
 17009 | D:13     | 17009 ||| INVOKING Finesse.
 17016 | D:13     | Killed Rupert
 17017 | D:13     | Reached skill level 20 in Unarmed Combat
 17017 | D:13     | Reached XP level 15. HP: 146/146 MP: 14/21
 17093 | D:13     | Identified the +10 glaive "Nixkum" {vorpal, SInv} (Okawaru
                  | gifted it to you on level 13 of the Dungeon)
 17093 | D:13     | Received a gift from Okawaru
 17139 | D:13     | 17139 ||| INVOKING Heroism.
 17200 | D:13     | Found a gate to the Vaults.
 17266 | D:13     | 17266 ||| INVOKING Heroism.
 17269 | D:13     | 17269 ||| Stepping ~*~*~tactically~*~*~ (outnumbered).
 17294 | D:13     | 17294 ||| Stepping ~*~*~tactically~*~*~ (stealth).
 17296 | D:13     | 17296 ||| Stepping ~*~*~tactically~*~*~ (stealth).
 17305 | D:13     | Noticed Lodul
 17306 | D:13     | 17306 ||| Stepping ~*~*~tactically~*~*~ (stealth).
 17310 | D:13     | 17310 ||| Stepping ~*~*~tactically~*~*~ (hiding).
 17311 | D:13     | 17311 ||| Stepping ~*~*~tactically~*~*~ (hiding).
 17316 | D:13     | 17316 ||| INVOKING Heroism.
 17317 | D:13     | 17317 ||| INVOKING Finesse.
 17321 | D:13     | Killed Lodul
 17326 | D:13     | Reached skill level 9 in Throwing
 17354 | D:13     | 17354 ||| Stepping ~*~*~tactically~*~*~ (stealth).
 17356 | D:13     | 17356 ||| Stepping ~*~*~tactically~*~*~ (stealth).
 17427 | D:13     | 17427 ||| Stepping ~*~*~tactically~*~*~ (hiding).
 17589 | D:13     | 17589 ||| INVOKING Heroism.
 17685 | D:13     | 17685 ||| Stepping ~*~*~tactically~*~*~ (stealth).
 17688 | D:13     | 17688 ||| Stepping ~*~*~tactically~*~*~ (hiding).
 17697 | D:13     | 17697 ||| INVOKING Heroism.
 17702 | D:13     | Received a gift from Okawaru
 17728 | D:13     | Found a bloodstained altar of Trog.
 17870 | D:13     | 17870 ||| DROPPING scarf of harm.
 17871 | D:13     | 17871 ||| UPGRADING to +0 kite shield.
 17876 | D:13     | 17876 ||| DROPPING +6 ring of dexterity.
 17957 | D:14     | 17957 ||| FLEEEEING.
 17964 | D:14     | 17964 ||| FLEEEEING.
 17974 | D:14     | Reached skill level 1 in Shields
 18047 | D:14     | 18047 ||| INVOKING Heroism.
 18048 | D:14     | 18048 ||| INVOKING Finesse.
 18169 | D:14     | 18169 ||| Stepping ~*~*~tactically~*~*~ (stealth).
 18208 | D:14     | 18208 ||| INVOKING Heroism.
 18214 | D:14     | Received a gift from Okawaru
 18219 | D:14     | Reached skill level 3 in Shields
 18225 | D:14     | 18225 ||| Stepping ~*~*~tactically~*~*~ (outnumbered).
 18227 | D:14     | 18227 ||| Stepping ~*~*~tactically~*~*~ (outnumbered).
 18228 | D:14     | 18228 ||| Stepping ~*~*~tactically~*~*~ (outnumbered).
 18229 | D:14     | 18229 ||| Stepping ~*~*~tactically~*~*~ (outnumbered).
 18230 | D:14     | 18230 ||| Stepping ~*~*~tactically~*~*~ (outnumbered).
 18231 | D:14     | 18231 ||| Stepping ~*~*~tactically~*~*~ (outnumbered).
 18232 | D:14     | 18232 ||| Stepping ~*~*~tactically~*~*~ (outnumbered).
 18233 | D:14     | 18233 ||| Stepping ~*~*~tactically~*~*~ (outnumbered).
 18234 | D:14     | 18234 ||| Stepping ~*~*~tactically~*~*~ (outnumbered).
 18235 | D:14     | 18235 ||| Stepping ~*~*~tactically~*~*~ (outnumbered).
 18236 | D:14     | 18236 ||| Stepping ~*~*~tactically~*~*~ (outnumbered).
 18237 | D:14     | 18237 ||| Stepping ~*~*~tactically~*~*~ (outnumbered).
 18238 | D:14     | 18238 ||| Stepping ~*~*~tactically~*~*~ (outnumbered).
 18239 | D:14     | 18239 ||| Stepping ~*~*~tactically~*~*~ (outnumbered).
 18240 | D:14     | 18240 ||| Stepping ~*~*~tactically~*~*~ (outnumbered).
 18241 | D:14     | 18241 ||| Stepping ~*~*~tactically~*~*~ (outnumbered).
 18242 | D:14     | 18242 ||| Stepping ~*~*~tactically~*~*~ (outnumbered).
 18406 | D:14     | Found a sparkling altar of Nemelex Xobeh.
 18475 | D:14     | 18475 ||| Stepping ~*~*~tactically~*~*~ (stealth).
 18486 | D:14     | 18486 ||| INVOKING Heroism.
 18706 | D:14     | 18706 ||| UPGRADING to +2 kite shield of poison resistance.
 18716 | D:14     | 18716 ||| DROPPING +0 kite shield.
 18749 | D:15     | Entered Level 15 of the Dungeon
 18770 | D:15     | 18770 ||| Stepping ~*~*~tactically~*~*~ (outnumbered).
 18772 | D:15     | Identified the +0 robe of the Hippo {rElec rPois Will+}
                  | (Okawaru gifted it to you on level 15 of the Dungeon)
 18772 | D:15     | Received a gift from Okawaru
 18844 | D:15     | 18844 ||| FLEEEEING.
 19003 | D:15     | 19003 ||| INVOKING Heroism.
 19009 | D:15     | HP: 33/146 [death knight/+4 glaive (29)]
 19009 | D:15     | Noticed Azrael
 19010 | D:15     | 19010 ||| READING 2 scrolls of teleportation.
 19011 | D:15     | 19011 ||| DRINKING 2 potions of heal wounds.
 19080 | D:15     | 19080 ||| INVOKING Heroism.
 19087 | D:15     | 19087 ||| Stepping ~*~*~tactically~*~*~ (hiding).
 19098 | D:15     | 19098 ||| INVOKING Finesse.
 19110 | D:15     | HP: 29/146 [Azrael/bolt of fire (16)]
 19111 | D:15     | 19111 ||| READING scroll of teleportation.
 19112 | D:15     | 19112 ||| DRINKING potion of heal wounds.
 19122 | D:15     | Killed Azrael
 19123 | D:15     | Reached skill level 6 in Shields
 19246 | D:15     | 19246 ||| Stepping ~*~*~tactically~*~*~ (hiding).
 19247 | D:15     | 19247 ||| Stepping ~*~*~tactically~*~*~ (hiding).
 19254 | D:15     | 19254 ||| FLEEEEING.
 19285 | D:15     | Identified the +6 quarterstaff "Vitta" {protect, rF+ Will+
                  | Int+4 SInv}
 19320 | D:15     | 19320 ||| FLEEEEING.
 19321 | D:15     | 19321 ||| FLEEEEING.
 19322 | D:15     | 19322 ||| FLEEEEING.
 19323 | D:15     | 19323 ||| FLEEEEING.
 19324 | D:15     | 19324 ||| FLEEEEING.
 19334 | D:15     | 19334 ||| FLEEEEING.
 19335 | D:15     | 19335 ||| FLEEEEING.
 19336 | D:15     | 19336 ||| FLEEEEING.
 19338 | D:15     | 19338 ||| STAIRDANCE
 19357 | D:15     | 19357 ||| Stepping ~*~*~tactically~*~*~ (hiding).
 19398 | D:15     | Found a staircase to the Depths.
 19399 | D:15     | 19399 ||| INVOKING Heroism.
 19655 | D:15     | 19655 ||| PLANNING ORC
 19791 | Orc:1    | Entered Level 1 of the Orcish Mines
 19794 | Orc:1    | 19794 ||| Stepping ~*~*~tactically~*~*~ (hiding).
 19810 | Orc:1    | 19810 ||| Stepping ~*~*~tactically~*~*~ (hiding).
 19814 | Orc:1    | 19814 ||| Stepping ~*~*~tactically~*~*~ (stealth).
 19818 | Orc:1    | 19818 ||| INVOKING Heroism.
 19830 | Orc:1    | 19830 ||| Stepping ~*~*~tactically~*~*~ (outnumbered).
 19837 | Orc:1    | 19837 ||| Stepping ~*~*~tactically~*~*~ (outnumbered).
 19839 | Orc:1    | 19839 ||| Stepping ~*~*~tactically~*~*~ (outnumbered).
 19840 | Orc:1    | 19840 ||| INVOKING Heroism.
 19841 | Orc:1    | 19841 ||| Stepping ~*~*~tactically~*~*~ (outnumbered).
 19842 | Orc:1    | 19842 ||| Stepping ~*~*~tactically~*~*~ (outnumbered).
 19843 | Orc:1    | 19843 ||| Stepping ~*~*~tactically~*~*~ (outnumbered).
 19844 | Orc:1    | 19844 ||| Stepping ~*~*~tactically~*~*~ (outnumbered).
 19847 | Orc:1    | 19847 ||| Stepping ~*~*~tactically~*~*~ (outnumbered).
 19848 | Orc:1    | 19848 ||| Stepping ~*~*~tactically~*~*~ (outnumbered).
 20001 | Orc:2    | Entered Level 2 of the Orcish Mines
 20006 | Orc:2    | 20006 ||| Stepping ~*~*~tactically~*~*~ (stealth).
 20007 | Orc:2    | 20007 ||| Stepping ~*~*~tactically~*~*~ (hiding).
 20009 | Orc:2    | 20009 ||| Stepping ~*~*~tactically~*~*~ (hiding).
 20010 | Orc:2    | 20010 ||| Stepping ~*~*~tactically~*~*~ (hiding).
 20011 | Orc:2    | 20011 ||| INVOKING Heroism.
 20013 | Orc:2    | 20013 ||| Stepping ~*~*~tactically~*~*~ (outnumbered).
 20014 | Orc:2    | 20014 ||| Stepping ~*~*~tactically~*~*~ (outnumbered).
 20015 | Orc:2    | 20015 ||| Stepping ~*~*~tactically~*~*~ (outnumbered).
 20016 | Orc:2    | 20016 ||| Stepping ~*~*~tactically~*~*~ (outnumbered).
 20017 | Orc:2    | 20017 ||| Stepping ~*~*~tactically~*~*~ (outnumbered).
 20018 | Orc:2    | 20018 ||| Stepping ~*~*~tactically~*~*~ (outnumbered).
 20019 | Orc:2    | 20019 ||| Stepping ~*~*~tactically~*~*~ (outnumbered).
 20020 | Orc:2    | 20020 ||| Stepping ~*~*~tactically~*~*~ (outnumbered).
 20021 | Orc:2    | 20021 ||| Stepping ~*~*~tactically~*~*~ (outnumbered).
 20047 | Orc:2    | 20047 ||| Stepping ~*~*~tactically~*~*~ (stealth).
 20059 | Orc:2    | 20059 ||| Stepping ~*~*~tactically~*~*~ (stealth).
 20061 | Orc:2    | 20061 ||| Stepping ~*~*~tactically~*~*~ (stealth).
 20062 | Orc:2    | 20062 ||| Stepping ~*~*~tactically~*~*~ (stealth).
 20064 | Orc:2    | 20064 ||| Stepping ~*~*~tactically~*~*~ (stealth).
 20066 | Orc:2    | 20066 ||| Stepping ~*~*~tactically~*~*~ (stealth).
 20071 | Orc:2    | Found a staircase to the Elven Halls.
 20130 | Orc:2    | 20130 ||| INVOKING Heroism.
 20160 | Orc:2    | 20160 ||| INVOKING Heroism.
 20167 | Orc:2    | 20167 ||| Stepping ~*~*~tactically~*~*~ (outnumbered).
 20174 | Orc:2    | 20174 ||| Stepping ~*~*~tactically~*~*~ (outnumbered).
 20176 | Orc:2    | 20176 ||| Stepping ~*~*~tactically~*~*~ (outnumbered).
 20179 | Orc:2    | 20179 ||| Stepping ~*~*~tactically~*~*~ (outnumbered).
 20180 | Orc:2    | 20180 ||| Stepping ~*~*~tactically~*~*~ (outnumbered).
 20227 | Orc:2    | 20227 ||| INVOKING Heroism.
 20238 | Orc:2    | 20238 ||| Stepping ~*~*~tactically~*~*~ (outnumbered).
 20240 | Orc:2    | 20240 ||| Stepping ~*~*~tactically~*~*~ (outnumbered).
 20241 | Orc:2    | 20241 ||| Stepping ~*~*~tactically~*~*~ (outnumbered).
 20242 | Orc:2    | 20242 ||| Stepping ~*~*~tactically~*~*~ (hiding).
 20243 | Orc:2    | 20243 ||| Stepping ~*~*~tactically~*~*~ (hiding).
 20246 | Orc:2    | 20246 ||| Stepping ~*~*~tactically~*~*~ (hiding).
 20250 | Orc:2    | 20250 ||| Stepping ~*~*~tactically~*~*~ (outnumbered).
 20251 | Orc:2    | 20251 ||| Stepping ~*~*~tactically~*~*~ (outnumbered).
 20299 | Orc:2    | 20299 ||| Stepping ~*~*~tactically~*~*~ (hiding).
 20302 | Orc:2    | 20302 ||| Stepping ~*~*~tactically~*~*~ (hiding).
 20305 | Orc:2    | 20305 ||| INVOKING Heroism.
 20306 | Orc:2    | 20306 ||| Stepping ~*~*~tactically~*~*~ (outnumbered).
 20310 | Orc:2    | 20310 ||| Stepping ~*~*~tactically~*~*~ (outnumbered).
 20321 | Orc:2    | 20321 ||| Stepping ~*~*~tactically~*~*~ (hiding).
 20329 | Orc:2    | 20329 ||| Stepping ~*~*~tactically~*~*~ (hiding).
 20349 | Orc:2    | Found Oviex's Distillery.
 20349 | Orc:2    | Found Teumpom's Weapon Shoppe.
 20360 | Orc:2    | 20360 ||| Stepping ~*~*~tactically~*~*~ (hiding).
 20361 | Orc:2    | 20361 ||| Stepping ~*~*~tactically~*~*~ (hiding).
 20381 | Orc:2    | 20381 ||| INVOKING Heroism.
 20393 | Orc:2    | Noticed Saint Roka
 20394 | Orc:2    | 20394 ||| Stepping ~*~*~tactically~*~*~ (hiding).
 20397 | Orc:2    | 20397 ||| INVOKING Finesse.
 20399 | Orc:2    | 20399 ||| Stepping ~*~*~tactically~*~*~ (hiding).
 20414 | Orc:2    | Killed Saint Roka
 20416 | Orc:2    | 20416 ||| Stepping ~*~*~tactically~*~*~ (outnumbered).
 20417 | Orc:2    | 20417 ||| Stepping ~*~*~tactically~*~*~ (outnumbered).
 20418 | Orc:2    | 20418 ||| Stepping ~*~*~tactically~*~*~ (outnumbered).
 20419 | Orc:2    | 20419 ||| Stepping ~*~*~tactically~*~*~ (outnumbered).
 20420 | Orc:2    | 20420 ||| Stepping ~*~*~tactically~*~*~ (outnumbered).
 20421 | Orc:2    | 20421 ||| Stepping ~*~*~tactically~*~*~ (outnumbered).
 20422 | Orc:2    | 20422 ||| Stepping ~*~*~tactically~*~*~ (outnumbered).
 20426 | Orc:2    | 20426 ||| Stepping ~*~*~tactically~*~*~ (outnumbered).
 20427 | Orc:2    | 20427 ||| Stepping ~*~*~tactically~*~*~ (outnumbered).
 20428 | Orc:2    | 20428 ||| Stepping ~*~*~tactically~*~*~ (outnumbered).
 20429 | Orc:2    | 20429 ||| Stepping ~*~*~tactically~*~*~ (outnumbered).
 20430 | Orc:2    | 20430 ||| Stepping ~*~*~tactically~*~*~ (outnumbered).
 20431 | Orc:2    | 20431 ||| Stepping ~*~*~tactically~*~*~ (outnumbered).
 20432 | Orc:2    | 20432 ||| Stepping ~*~*~tactically~*~*~ (outnumbered).
 20433 | Orc:2    | 20433 ||| Stepping ~*~*~tactically~*~*~ (outnumbered).
 20434 | Orc:2    | 20434 ||| Stepping ~*~*~tactically~*~*~ (outnumbered).
 20436 | Orc:2    | 20436 ||| Stepping ~*~*~tactically~*~*~ (outnumbered).
 20437 | Orc:2    | 20437 ||| Stepping ~*~*~tactically~*~*~ (outnumbered).
 20438 | Orc:2    | 20438 ||| Stepping ~*~*~tactically~*~*~ (outnumbered).
 20439 | Orc:2    | 20439 ||| INVOKING Heroism.
 20440 | Orc:2    | 20440 ||| Stepping ~*~*~tactically~*~*~ (outnumbered).
 20441 | Orc:2    | 20441 ||| Stepping ~*~*~tactically~*~*~ (outnumbered).
 20446 | Orc:2    | 20446 ||| Stepping ~*~*~tactically~*~*~ (outnumbered).
 20490 | Orc:2    | 20490 ||| Stepping ~*~*~tactically~*~*~ (hiding).
 20495 | Orc:2    | 20495 ||| INVOKING Heroism.
 20567 | Orc:2    | 20567 ||| INVOKING Heroism.
 20568 | Orc:2    | 20568 ||| Stepping ~*~*~tactically~*~*~ (hiding).
 20571 | Orc:2    | 20571 ||| Stepping ~*~*~tactically~*~*~ (hiding).
 20586 | Orc:2    | 20586 ||| Stepping ~*~*~tactically~*~*~ (hiding).
 20588 | Orc:2    | 20588 ||| Stepping ~*~*~tactically~*~*~ (outnumbered).
 20595 | Orc:2    | 20595 ||| Stepping ~*~*~tactically~*~*~ (outnumbered).
 20598 | Orc:2    | 20598 ||| Stepping ~*~*~tactically~*~*~ (outnumbered).
 20604 | Orc:2    | HP: 30/146 [orc priest/divine providence (11)]
 20605 | Orc:2    | 20605 ||| DRINKING potion of heal wounds.
 20618 | Orc:2    | 20618 ||| Stepping ~*~*~tactically~*~*~ (outnumbered).
 20622 | Orc:2    | 20622 ||| Stepping ~*~*~tactically~*~*~ (outnumbered).
 20632 | Orc:2    | 20632 ||| Stepping ~*~*~tactically~*~*~ (outnumbered).
 20634 | Orc:2    | 20634 ||| INVOKING Heroism.
 20639 | Orc:2    | 20639 ||| Stepping ~*~*~tactically~*~*~ (outnumbered).
 20647 | Orc:2    | Reached skill level 9 in Shields
 20725 | Orc:2    | 20725 ||| BUYING potion of curing (36 gold).
 20725 | Orc:2    | Bought a potion of curing for 36 gold pieces
 20725 | Orc:2    | 20725 ||| BUYING potion of curing (36 gold).
 20725 | Orc:2    | Bought a potion of curing for 36 gold pieces
 20725 | Orc:2    | 20725 ||| BUYING potion of curing (36 gold).
 20725 | Orc:2    | Bought a potion of curing for 36 gold pieces
 20725 | Orc:2    | 20725 ||| BUYING potion of haste (120 gold).
 20725 | Orc:2    | Bought a potion of haste for 120 gold pieces
 20725 | Orc:2    | 20725 ||| BUYING potion of might (48 gold).
 20725 | Orc:2    | Bought a potion of might for 48 gold pieces
 20806 | Orc:2    | Found Joihyzxi's Weapon Boutique.
 20806 | Orc:2    | Found Vuunt's Armour Shoppe.
 20851 | Orc:2    | 20851 ||| Stepping ~*~*~tactically~*~*~ (hiding).
 21373 | Orc:1    | 21373 ||| INVOKING Heroism.
 21377 | Orc:1    | Paralysed by an orc sorcerer for 4 turns
 21382 | Orc:1    | 21382 ||| Stepping ~*~*~tactically~*~*~ (outnumbered).
 21386 | Orc:1    | 21386 ||| Stepping ~*~*~tactically~*~*~ (outnumbered).
 21387 | Orc:1    | 21387 ||| Stepping ~*~*~tactically~*~*~ (outnumbered).
 21388 | Orc:1    | 21388 ||| Stepping ~*~*~tactically~*~*~ (outnumbered).
 21389 | Orc:1    | 21389 ||| Stepping ~*~*~tactically~*~*~ (outnumbered).
 21390 | Orc:1    | 21390 ||| Stepping ~*~*~tactically~*~*~ (outnumbered).
 21391 | Orc:1    | 21391 ||| Stepping ~*~*~tactically~*~*~ (outnumbered).
 21392 | Orc:1    | 21392 ||| Stepping ~*~*~tactically~*~*~ (outnumbered).
 21393 | Orc:1    | 21393 ||| Stepping ~*~*~tactically~*~*~ (outnumbered).
 21394 | Orc:1    | 21394 ||| Stepping ~*~*~tactically~*~*~ (outnumbered).
 21395 | Orc:1    | 21395 ||| Stepping ~*~*~tactically~*~*~ (outnumbered).
 21396 | Orc:1    | 21396 ||| Stepping ~*~*~tactically~*~*~ (outnumbered).
 21409 | Orc:1    | 21409 ||| Stepping ~*~*~tactically~*~*~ (hiding).
 21749 | Orc:1    | 21749 ||| INVOKING Heroism.
 21752 | Orc:1    | 21752 ||| Stepping ~*~*~tactically~*~*~ (stealth).
 21765 | Orc:1    | 21765 ||| Stepping ~*~*~tactically~*~*~ (stealth).
 21767 | Orc:1    | 21767 ||| Stepping ~*~*~tactically~*~*~ (stealth).
 21780 | Orc:1    | 21780 ||| Stepping ~*~*~tactically~*~*~ (stealth).
 21783 | Orc:1    | 21783 ||| Stepping ~*~*~tactically~*~*~ (stealth).
 21784 | Orc:1    | 21784 ||| Stepping ~*~*~tactically~*~*~ (stealth).
 21821 | Orc:1    | 21821 ||| PLANNING SWAMP:1-3
 21964 | Swamp:1  | Entered Level 1 of the Swamp
 22073 | Swamp:1  | 22073 ||| INVOKING Heroism.
 22074 | Swamp:1  | 22074 ||| INVOKING Finesse.
 22076 | Swamp:1  | Received a gift from Okawaru
 22083 | Swamp:1  | 22083 ||| Stepping ~*~*~tactically~*~*~ (hiding).
 22086 | Swamp:1  | 22086 ||| Stepping ~*~*~tactically~*~*~ (hiding).
 22144 | Swamp:1  | Reached XP level 16. HP: 122/156 MP: 22/22
 22264 | Swamp:1  | 22264 ||| INVOKING Heroism.
 22284 | Swamp:1  | 22284 ||| Stepping ~*~*~tactically~*~*~ (hiding).
 22596 | Swamp:1  | 22596 ||| UPGRADING to +0 swamp dragon scales.
 22606 | Swamp:1  | 22606 ||| DROPPING +0 robe of the Hippo {rElec rPois
                  | Will+}.
 22607 | Swamp:1  | 22607 ||| DROPPING +0 troll leather armour.
 22636 | Swamp:2  | 22636 ||| INVOKING Heroism.
 22798 | Swamp:2  | 22798 ||| INVOKING Heroism.
 22864 | Swamp:2  | 22864 ||| INVOKING Heroism.
 22958 | Swamp:2  | 22958 ||| Stepping ~*~*~tactically~*~*~ (stealth).
 22959 | Swamp:2  | 22959 ||| Stepping ~*~*~tactically~*~*~ (outnumbered).
 22960 | Swamp:2  | 22960 ||| Stepping ~*~*~tactically~*~*~ (outnumbered).
 22961 | Swamp:2  | 22961 ||| Stepping ~*~*~tactically~*~*~ (outnumbered).
 22963 | Swamp:2  | 22963 ||| INVOKING Heroism.
 22964 | Swamp:2  | 22964 ||| Stepping ~*~*~tactically~*~*~ (outnumbered).
 22965 | Swamp:2  | 22965 ||| Stepping ~*~*~tactically~*~*~ (outnumbered).
 22965 | Swamp:2  | HP: 25/156 [alligator (17)]
 22970 | Swamp:2  | HP: 15/156 [alligator (13)]
 22972 | Swamp:2  | HP: 7/156 [alligator (9)]
 22973 | Swamp:2  | Received a gift from Okawaru
 23003 | Swamp:2  | 23003 ||| INVOKING Heroism.
 23127 | Swamp:2  | 23127 ||| INVOKING Heroism.
 23142 | Swamp:2  | Reached skill level 3 in Armour
 23301 | Swamp:2  | 23301 ||| FLEEEEING.
 23304 | Swamp:2  | 23304 ||| FLEEEEING.
 23338 | Swamp:2  | 23338 ||| INVOKING Heroism.
 23413 | Swamp:2  | Received a gift from Okawaru
 23456 | Swamp:2  | 23456 ||| INVOKING Heroism.
 23482 | Swamp:2  | Identified the +8 quarterstaff "Secret Weapon" {pain, Will-
                  | Str+4 Dex+3} (Okawaru gifted it to you on level 2 of the
                  | Swamp)
 23482 | Swamp:2  | Received a gift from Okawaru
 23549 | Swamp:2  | 23549 ||| Stepping ~*~*~tactically~*~*~ (stealth).
 23560 | Swamp:2  | 23560 ||| INVOKING Heroism.
 23775 | Swamp:3  | 23775 ||| INVOKING Heroism.
 23776 | Swamp:3  | 23776 ||| Stepping ~*~*~tactically~*~*~ (outnumbered).
 23784 | Swamp:3  | 23784 ||| Stepping ~*~*~tactically~*~*~ (outnumbered).
 23785 | Swamp:3  | 23785 ||| Stepping ~*~*~tactically~*~*~ (outnumbered).
 23796 | Swamp:3  | HP: 31/156 [swamp worm (11)]
 23797 | Swamp:3  | HP: 9/156 [tyrant leech (22)]
 23799 | Swamp:3  | 23799 ||| INVOKING Finesse.
 23804 | Swamp:3  | 23804 ||| INVOKING Heroism.
 23809 | Swamp:3  | HP: 15/156 [alligator (1)]
 23818 | Swamp:3  | HP: 17/156 [bog body (2)]
 23818 | Swamp:3  | HP: 5/156 [bog body (12)]
 23825 | Swamp:3  | 23825 ||| FLEEEEING.
 23826 | Swamp:3  | 23826 ||| FLEEEEING.
 23834 | Swamp:3  | 23834 ||| STAIRDANCE
 23983 | Swamp:3  | 23983 ||| INVOKING Heroism.
 23984 | Swamp:3  | 23984 ||| INVOKING Finesse.
 24038 | Swamp:3  | 24038 ||| Stepping ~*~*~tactically~*~*~ (hiding).
 24042 | Swamp:3  | 24042 ||| INVOKING Heroism.
 24058 | Swamp:3  | Reached skill level 12 in Shields
 24074 | Swamp:3  | 24074 ||| INVOKING Heroism.
 24078 | Swamp:3  | 24078 ||| Stepping ~*~*~tactically~*~*~ (stealth).
 24215 | Swamp:3  | 24215 ||| INVOKING Heroism.
 24339 | Swamp:3  | 24339 ||| Stepping ~*~*~tactically~*~*~ (hiding).
 24343 | Swamp:3  | 24343 ||| INVOKING Heroism.
 24393 | Swamp:3  | 24393 ||| Stepping ~*~*~tactically~*~*~ (stealth).
 24453 | Swamp:3  | Noticed a thorn hunter
 24454 | Swamp:3  | 24454 ||| INVOKING Heroism.
 24495 | Swamp:3  | 24495 ||| INVOKING Finesse.
 24501 | Swamp:3  | 24501 ||| INVOKING Heroism.
 24510 | Swamp:3  | HP: 32/156 [thorn hunter/volley of thorns (28)]
 24516 | Swamp:3  | Killed a thorn hunter
 24517 | Swamp:3  | HP: 24/156 [goliath frog (12)]
 24519 | Swamp:3  | HP: 2/156 [goliath frog (16)]
 24519 | Swamp:3  | Splashed by a goliath frog's acid

Levels and vault maps discovered:
D:1:      saegor_arrival_miasma, layout_rooms, minmay_octomino_c4
D:2:      layout_basic, basic_ecumenical_altar
D:3:      layout_rooms, zin_scriptorium, hangedman_decor_points, uniq_terence
D:4:      layout_rooms, temple_fountains, serial_glass, glass_columns_a,
          glass_columns_a, glass_columns_a, glass_columns_a, glass_columns_b,
          glass_columns_a, glass_columns_c, glass_columns_b, glass_columns_a,
          glass_columns_a, uniq_sigmund, uniq_crazy_yiuf_cottage
D:5:      layout_basic, uniq_prince_ribbit1
D:6:      layout_basic, minmay_shop_mayhem, hangedman_feature_mirror,
          hangedman_decor_growths
D:7:      layout_loops_corners, xom_confusion_cloud, kennysheep_slug_shrine,
          serial_shops, nicolae_shop_hallway_stairs, kennysheep_generic_room_2
D:8:      due_megacathedral, layout_basic, amcnicky_altar_gilded,
          gammafunk_ghost_wrathful_warriors, enter_bailey_8,
          grunt_ministairs_15, minmay_stone_trees_large,
          minmay_fractal_squares_diagonal_5
D:9:      layout_rooms, lair_entry_dummy, uniq_erolcha
D:10:     layout_irregular_city, marbit_many_paths, hiddenorc2_lemuel
D:11:     layout_irregular_city, serial_undead, serial_undead_b,
          serial_undead_d, serial_undead_e, serial_undead_f, uniq_josephine
D:12:     layout_roguey, argonaut_gorgonesque
D:13:     layout_rooms, erik_vaults_1, drop_trap,
          nicolae_concentric_dashed_squares_wild, trog_butcher_becter,
          uniq_rupert, uniq_lodul
D:14:     layout_stronghold, nemelex_altar_shiori
D:15:     grunt_enter_depths_snipers, layout_long_grid, uniq_azrael
Lair:1:   layout_gridlike, beast_lair_carwin_1
Lair:2:   layout_big_grid, minmay_swamp_entry_swarm,
          minmay_snake_entry_guardpost_medium, serial_bayou_lagoon_b,
          serial_bayou_shore_b
Lair:3:   layout_regular_city, serial_rivers, chequers_serial_rivers_micro_a,
          chequers_serial_rivers_marsh, chequers_serial_rivers_small_b,
          chequers_serial_rivers_micro_a, chequers_serial_rivers_room_a,
          chequers_serial_rivers_room_b
Lair:4:   layout_long_grid, dreamdust_mushroom_princess
Lair:5:   due_jungle_book, layout_loops_ring, slime_entry_1, grunt_megastairs_4
Swamp:1:  layout_basic_swamp, nicolae_swamp_fairy_circle, swamp_pool5
Swamp:2:  layout_basic_swamp, serial_swamp_ruin, evilmike_swamp_ruin_rubble_2,
          hangedman_swamp_ruin_wall
Swamp:3:  layout_basic_swamp, hangedman_swamp_blocks, swamp_pool5
Orc:1:    layout_diamond_mine, portal_ice_cave_entry_animals_and_master,
          nicolae_orc_rockfall
Orc:2:    st_orc_town, layout_caves, nicolae_orc_tapped_out, uniq_saint_roka

Skill      XL: |  1  2  3  4  5  6  7  8  9 10 11 12 13 14 15 16 |
---------------+-------------------------------------------------+-----
Unarmed Combat | 4 5 6 8 9 10 13 16 17 18 19 20 | 20.1
Throwing       | 1 4 5 8 9 |  9.0
Fighting       | 3 4 5 7 8 9 |  9.0
Dodging        | 1 2 4 |  4.1
Armour         | 1 2 4 |  4.0
Invocations    | 2 7 10 | 10.0
Shields        | 9 12 | 12.5
Spellcasting   | |  1.0
Fire Magic     | |  2.1

Action                   |  1- 3 |  4- 6 |  7- 9 | 10-12 | 13-15 | 16-18 || total
-------------------------+-------+-------+-------+-------+-------+-------++-------
Melee: Unarmed           |    94 |   117 |   267 |   462 |  1239 |   202 ||  2381
       Punch             |       |     2 |     8 |    29 |   110 |       ||   149
Throw: Boomerang         |       |    15 |    38 |    31 |    24 |       ||   108
       Javelin           |       |       |       |    37 |     5 |       ||    42
       Large rock        |       |       |       |       |   127 |    38 ||   165
Invok: Fiery Armour      |       |     1 |     2 |     9 |       |       ||    12
       Heroism           |       |       |       |     6 |    70 |    19 ||    95
       Finesse           |       |       |       |       |    14 |     3 ||    17
  Use: Scroll            |     4 |     7 |     4 |     7 |    11 |       ||    33
       Potion            |     1 |     3 |       |     6 |    10 |       ||    20
Armor: Robe              |    35 |    29 |    74 |   259 |   222 |       ||   619
       Troll leather arm |       |       |       |       |   119 |     7 ||   126
       Swamp dragon scal |       |       |       |       |       |    53 ||    53
Dodge: Dodged            |    36 |    32 |    95 |   225 |   413 |    36 ||   837
Block: Kite shield       |       |       |       |       |   168 |    90 ||   258

Table legend:
 A = Non-vault XP
 B = Vault XP
 C = Vault XP percentage of total XP
 D = Non-vault monster count
 E = Vault monster count
 F = Vault count percentage of total count
                 A         B        C        D         E       F
            +---------+---------+-------+---------+---------+-------
      Total |  131954 |   52940 |  28.6 |     676 |     258 |  27.6
            +---------+---------+-------+---------+---------+-------
        D:1 |      31 |       9 |  22.5 |      18 |       6 |  25.0
        D:2 |      98 |       0 |   0.0 |      21 |       0 |   0.0
        D:3 |     207 |      36 |  14.8 |      21 |       1 |   4.5
        D:4 |     624 |     226 |  26.6 |      18 |       1 |   5.3
        D:5 |     644 |     264 |  29.1 |      26 |       1 |   3.7
        D:6 |    1140 |     326 |  22.2 |      17 |       6 |  26.1
        D:7 |    1770 |     648 |  26.8 |      19 |      11 |  36.7
        D:8 |    3894 |    2288 |  37.0 |      99 |      19 |  16.1
        D:9 |    2913 |     848 |  22.5 |      32 |       1 |   3.0
       D:10 |    3287 |     443 |  11.9 |      27 |      33 |  55.0
       D:11 |    4775 |    5901 |  55.3 |      22 |      17 |  43.6
       D:12 |    8882 |       0 |   0.0 |      39 |       0 |   0.0
       D:13 |    6411 |    5399 |  45.7 |      19 |      15 |  44.1
       D:14 |    9696 |       0 |   0.0 |      19 |       0 |   0.0
       D:15 |    5543 |    4567 |  45.2 |      10 |      10 |  50.0
     Lair:1 |    3243 |    2487 |  43.4 |      17 |       9 |  34.6
     Lair:2 |    2264 |    1502 |  39.9 |      10 |       9 |  47.4
     Lair:3 |    7722 |       0 |   0.0 |      32 |       0 |   0.0
     Lair:4 |    3517 |       0 |   0.0 |      11 |       0 |   0.0
     Lair:5 |   20185 |   14517 |  41.8 |      71 |      34 |  32.4
    Swamp:1 |    6697 |     279 |   4.0 |      13 |       2 |  13.3
    Swamp:2 |   15071 |       0 |   0.0 |      26 |       0 |   0.0
    Swamp:3 |   17973 |       0 |   0.0 |      33 |       0 |   0.0
      Orc:1 |    2698 |    2507 |  48.2 |      24 |       8 |  25.0
      Orc:2 |    2669 |   10693 |  80.0 |      32 |      75 |  70.1
            +---------+---------+-------+---------+---------+-------
